 Dungeon Crawl Stone Soup version 0.21.1-1-g345015f (webtiles) character file.

714096 shakethe the Marksgnoll (level 27, -16/176 HPs)
             Began as a Gnoll Necromancer on Feb 24, 2018.
             Was an Elder of Zin.
             Blown up by an eye of devastation (40 damage)
             ... with a bolt of energy
             ... on level 3 of the Abyss.
             The game lasted 07:57:00 (71795 turns).

shakethe the Marksgnoll (Gnoll Necromancer)        Turns: 71795, Time: 07:57:00

Health: -16/176    AC: 22    Str: 21      XL:     27
Magic:  26/41      EV: 28    Int: 35 (36) God:    Zin [****..]
Gold:   2355       SH: 16    Dex: 19      Spells: 7/64 levels left

rFire    + + +     SeeInvis .   a - +9 eudemon blade (holy)
rCold    + . .     Gourm    .   X - +0 shield {reflect}
rNeg     + + +     Faith    .   J - +6 faerie dragon scales {rPois rF+ rC- rN+++ rCorr}
rPois    ∞         Spirit   .   (helmet restricted)
rElec    +         Reflect  +   k - +2 cloak {rC+}
rCorr    +         Harm     .   u - +1 pair of gloves of Edwyb {Str+3}
MR       ++...     Clarity  +   x - +0 pair of boots "Deuxt" {rF+++ rC- Regen+ Slay+6}
Stlth    +++++++...             N - amulet of magic regeneration
HPRegen  0.79/turn              t - ring of ice {rC+, rF-}
MPRegen  0.52/turn              r - ring of Gusall {rCorr rElec}

@: vitalised, reciting, very slightly contaminated, studying Bows, very slow
A: distributed training, fangs 1, horns 1, clarity, clever 1, clumsy 2, cold
resistance 1, deformed body, deterioration 1, frail 2, low mp 1, no potion heal
1, MP-powered wands, strong nose
}: 4/15 runes: decaying, slimy, silver, gossamer
a: Recite, Vitalisation, Imprison, Donate Gold, Renounce Religion


You were on level 3 of the Abyss.
You worshipped Zin.
Zin was greatly pleased with you.
You were full.

You visited 11 branches of the dungeon, and saw 55 of its levels.
You visited the Abyss 1 time.
You visited 1 bazaar.
You also visited: Ice Cave.

You collected 7410 gold pieces.
You spent 4924 gold pieces at shops.
You donated 131 gold pieces to Zin.

Inventory:

Hand Weapons
 a - a +9 eudemon blade of holy wrath (weapon)
   (You took it off Mennas on level 4 of the Depths)
 H - the +5 eveningstar "Keshrat" {crush, +Rage +Fly MR+ Dex-5}
   (You acquired it on level 13 of the Dungeon)

   It inflicts extra damage upon your enemies.
   It affects your dexterity (-5).
   It affects your resistance to hostile enchantments.
   It lets you fly.
   It lets you go berserk.
Armour
 k - a +2 cloak of cold resistance (worn)
   (You found it in an ice cave)
 o - the +3 robe of Giumiewn {Dex+5 SInv}
   (You found it on level 4 of the Dungeon)

   It affects your dexterity (+5).
   It lets you see invisible.
 u - the +1 pair of gloves of Edwyb (worn) {Str+3}
   (You bought it in a shop in a bazaar)

   It affects your strength (+3).
 x - the +0 pair of boots "Deuxt" (worn) {rF+++ rC- Regen+ Slay+6}
   (You found it on level 5 of the Dungeon)

   It affects your accuracy and damage with ranged weapons and melee attacks
   (+6).
   It renders you almost immune to fire.
   It makes you vulnerable to cold.
   It increases your rate of regeneration.
 J - the +6 faerie dragon scales (worn) {rPois rF+ rC- rN+++ rCorr}
   (You took it off the Enchantress on level 1 of the Depths)

   It protects you from fire.
   It makes you vulnerable to cold.
   It protects you from poison.
   It renders you almost immune to negative energy.
   It protects you from acid and corrosion.
 X - a +0 shield of reflection (worn)
   (You took it off Donald on level 2 of the Spider Nest)
Magical Staves
 b - an uncursed staff of energy {@w1+MP, hungerless spells, !d!a@w1}
   (You found it on level 2 of the Vaults)
Jewellery
 r - the ring of Gusall (right hand) {rCorr rElec}
   (You found it on level 5 of the Pits of Slime)

   [ring of resist corrosion]

   It insulates you from electricity.
 t - a ring of ice (left hand) {rC+, rF-}
   (You found it in an ice cave)
 N - an amulet of magic regeneration (around neck)
   (You bought it in a shop on level 4 of the Dungeon)
Wands
 E - a wand of paralysis (57)
   (You found it on level 7 of the Dungeon)
 V - a wand of enslavement (61)
   (You found it on level 11 of the Dungeon)
 Y - a wand of polymorph (39)
   (You found it on level 4 of the Swamp)
Scrolls
 e - a scroll of brand weapon
 g - 5 scrolls of fog
 i - a scroll of enchant weapon
 m - 7 scrolls of immolation {!r}
 q - 19 scrolls of remove curse
 v - a scroll of torment {!r}
 z - 22 scrolls of teleportation
 B - 10 scrolls of fear
 C - a scroll of enchant armour
 I - 8 scrolls of magic mapping {!r}
 L - 7 scrolls of vulnerability {!r!r}
 M - 10 scrolls of blinking {!r}
 Q - 4 scrolls of silence
 Z - 5 scrolls of identify
Potions
 d - 8 potions of brilliance
 f - 13 potions of curing
 h - a potion of magic
 j - 11 potions of flight
 l - 14 potions of lignification {!q}
 n - 6 potions of might
 p - 7 potions of agility
 s - 5 potions of mutation {!q}
 A - 4 potions of resistance
 O - 6 potions of ambrosia
 R - 3 potions of cancellation
 W - 5 potions of invisibility
Books
 y - a book of Dreams
   (You found it on level 5 of the Pits of Slime)
 F - a manual of Bows {!d}
   (You found it on level 5 of the Vaults)
 U - a book of Alchemy
   (You found it on level 5 of the Pits of Slime)
Miscellaneous
 D - 2 phantom mirrors
 G - 2 sacks of spiders
 K - a box of beasts
 P - a fan of gales
   (You found it on level 2 of the Depths)
 S - a lamp of fire
   (You found it on level 5 of the Depths)
 T - a phial of floods
   (You found it on level 2 of the Elven Halls)
Comestibles
 c - 49 rations


   Skills:
 + Level 18.9 Fighting
 + Level 18.9 Short Blades
 + Level 18.9 Long Blades
 + Level 18.9 Axes
 + Level 18.9 Maces & Flails
 + Level 18.9 Polearms
 + Level 18.9 Staves
 + Level 18.9 Slings
 + Level 20.8 Bows
 + Level 18.9 Crossbows
 + Level 18.9 Throwing
 + Level 18.9 Armour
 + Level 19.3 Dodging
 + Level 19.2 Stealth
 + Level 18.9 Shields
 + Level 18.9 Unarmed Combat
 + Level 19.4 Spellcasting
 + Level 16.3 Conjurations
 + Level 16.3 Hexes
 + Level 16.3 Charms
 + Level 16.3 Summonings
 + Level 17.4 Necromancy
 + Level 16.3 Translocations
 + Level 16.3 Transmutations
 + Level 16.3 Fire Magic
 + Level 16.3 Ice Magic
 + Level 16.3 Air Magic
 + Level 16.3 Earth Magic
 + Level 16.3 Poison Magic
 + Level 20.3 Invocations
 + Level 18.9 Evocations


You had 7 spell levels left.
You knew the following spells:

 Your Spells              Type           Power        Failure   Level  Hunger
a - Deflect Missiles      Chrm/Air       #######...   1%          6    None
b - Borgnjor's Vile Clut  Necr/Erth      ########..   1%          5    None
c - Shadow Creatures      Summ           N/A          1%          6    None
d - Iron Shot             Conj/Erth      #######...   1%          6    None
e - Freezing Cloud        Conj/Ice/Air   ########..   1%          6    None
f - Ozocubu's Armour      Chrm/Ice       ########     0%          3    None
g - Summon Lightning Spi  Summ/Air       #######.     0%          4    None
h - Blink                 Tloc           N/A          0%          2    None
l - Conjure Ball Lightni  Conj/Air       #######...   1%          6    None
m - Sublimation of Blood  Necr           ########..   0%          2    None
r - Regeneration          Chrm/Necr      ########..   0%          3    None
B - Controlled Blink      Tloc           N/A          9%          8    ####...


Dungeon Overview and Level Annotations

Branches:
Dungeon (15/15)            Temple (0/1) D:6            Lair (6/6) D:8
  Swamp (4/4) Lair:3       Spider (4/4) Lair:3        Slime (5/5) Lair:6
    Orc (2/2) D:10            Elf (3/3) Orc:2        Vaults (5/5) D:14
  Crypt (1/3) Vaults:3     Depths (5/5) D:15            Zot (5/5) Depths:5

Altars:
Ashenzari
Cheibriados
Fedhas
Hepliaklqana
Okawaru
Ru
Sif Muna
Vehumet
Wu Jian
Xom
Yredelemnul
Zin
The Shining One
Jiyva

Shops:
D:4 =   D:9 :(   D:12 %   Orc:2 :=*%   Elf:3 :   Vaults:1 }   Vaults:3 %
Vaults:4 [   Vaults:5 !%%?!%!%   Depths:1 [[[![   Depths:5 *

Portals:
Hell: Depths:1 Depths:2 Depths:3 Depths:4 Depths:5
Abyss: Depths:1 Depths:4 Depths:5
Pandemonium: Depths:3 Depths:5
Ziggurat: Depths:3
Trove: Elf:2 (give 15 potions of curing)

Annotations:
Crypt:1 Khufu


Innate Abilities, Weirdness & Mutations

Your experience applies equally to all skills.
You have very sharp teeth.
Your uncanny sense of smell can sniff out nearby items.
You have a pair of small horns on your head.
You possess an exceptional clarity of mind.
Your mind is acute. (Int +2)
You are very clumsy. (Dex -4)
Your flesh is cold resistant. (rC+)
Armour fits poorly on your strangely shaped body.
Your body sometimes deteriorates upon taking damage.
You are very frail. (-20% HP)
Your magical capacity is low. (-10% MP)
Potions are less effective at restoring your health.
You expend magic power (3 MP) to strengthen your wands.


Message History

You slice the worldbinder!!
The worldbinder calls forth creatures from the Crypt!
The efreet closely misses your raiju.
The red devil hits your raiju from afar with a trident.
The deep elf mage closely misses your raiju.
You completely miss the worldbinder.
The worldbinder hits you but does no damage.
The worldbinder completely misses you.
Your raiju bursts into living lightning!
The living lightning hits the deep elf mage.
The living lightning hits the red devil.
The red devil dies!
Your raiju blinks!
Your raiju is engulfed in freezing vapours.
Your raiju closely misses the shadow.
You slice the worldbinder like a ripe choko!!!
You destroy the worldbinder!
The shadow disappears in a puff of smoke! x2
The necromancer disappears in a puff of smoke!
The efreet gestures at you. The bolt of fire hits your raiju.
Your raiju dies!
Your raiju's corpse dissolves into shadows!
The bolt of fire hits you! You resist.
* * * LOW HITPOINT WARNING * * *
You hear a sizzling sound!
You take 1 damage, and have 41/176 hp.
Wisps of shadow whirl around you...
Your raiju closely misses the deep elf mage.
Your raiju is engulfed in freezing vapours.
You kill your raiju!
Your raiju's corpse dissolves into shadows!
The deep elf mage hits your raiju but does no damage.
You now have 4/41 mp.
You don't have enough magic to cast that spell.
Magic courses through your body.
Your raiju closely misses the deep elf mage.
The deep elf mage hits your raiju with a rapier.
Your raiju dies!
Your raiju's corpse dissolves into shadows!
The deep elf mage shouts!
An orc high priest comes into view. It is wielding an enchanted mace.
The efreet gestures at you.
The fireball explodes!
The fireball engulfs you! The fireball engulfs your orc sorcerer.
The orc high priest invokes the aid of Beogh against you.
Beogh smites you!
* * * LOW HITPOINT WARNING * * *
Your orc sorcerer barely misses the efreet.
The neqoxec gestures at you.
You feel dopey. Something feeds on your intellect!
You block the large abomination's attack.
Your orc sorcerer barely misses the efreet.
You hear a loud, deep croak!
You hear a shout!
You lose track of time.
You are unaffected.
You take 11 damage, and have 31/176 hp.
You regained 25 mp, and now have 29/41 mp.
The neqoxec gestures.
The eye of devastation is engulfed in blazing flames.
Your orc sorcerer hits the efreet but does no damage.
You block the efreet's attack.
Your orc sorcerer hits the efreet with a dagger.
The eye of devastation is engulfed in blazing flames.
You regained 2 hp, and now have 33/176 hp.
Okay, then.
An electric hum fills the air.
The orc high priest hits your lightning spire but does no damage.
You block the large abomination's attack.
The efreet hits you but does no damage.
The crimson imp is engulfed in freezing vapours.
You kill the crimson imp!
Your orc sorcerer casts a spell at the efreet.
The efreet suddenly stops moving!
You now have 26/41 mp.
The helpless efreet fails to defend itself.
You slice the efreet!!
The efreet convulses!!
You kill the efreet!
You clear your throat and prepare to recite. "For those who would enter Zin's holy bosom..."
The crimson imp is limned with silver light.
The orc high priest hits your lightning spire with an enchanted mace.
The large abomination hits you!
* * * LOW HITPOINT WARNING * * *
You take 11 damage, and have 23/176 hp.
Zin grants you divine stamina. "...and live in lawfulness, Zin provideth.
Such is..."
The neqoxec stumbles about in disarray.
The neqoxec shouts!
Your lightning spire shoots out a bolt of lightning at the orc high priest!
The bolt of electricity hits the orc high priest.
Your orc sorcerer gestures wildly while chanting.
The ice devil is enraged by your holy aura!
The eye of devastation gazes at you.
The bolt of energy hits your orc sorcerer.
Your orc sorcerer is blown up!
Your orc sorcerer's corpse dissolves into shadows!
The ice devil disappears in a puff of smoke!
The bolt of energy hits you!
You die...

. ..∆ .#
.#..##.. ......#
#.# ..# ≈≈ #
#.#§..# ≈.
#.###§§##.#
#8.@)§§#5#####
≈≈ #
#...o.##X)G5e).#
.# . . .###.
#..#3#....# #R≈
x#
....o###.).§#.#§
Λ≈#≈ ##. ..
)####G.... \#
#... #. . 3# # ∆
... h ∆ #. Λ5/#
### ''## .#V4V #
... #. . ##


You could see an eye of devastation, an orc high priest, a large abomination, a
deep elf mage, a neqoxec (confused), a shadow imp and a friendly lightning
spire.

Vanquished Creatures
  the Royal Jelly (Slime:5)
  2 orbs of fire
  Mennas (Depths:4)
  Mara (Depths:1)
  3 juggernauts
  The ghost of bmj180 the Hoplite, a veteran MiFi of Okawaru (Vaults:5)
  Saint Roka (Depths:1)
  A shard shrike (Zot:2)
  2 Killer Klowns
  13 golden dragons
  A profane servitor (Abyss:3)
  Nikola (Spider:2)
  A bone dragon (Abyss:3)
  the Enchantress (Depths:1)
  5 electric golems
  Jorgrun (Spider:2)
  A Hell Sentinel (Abyss:2)
  6 liches
  10 tentacled monstrosities
  4 Orb Guardians (Zot:5)
  Rupert (D:12)
  3 titans (Vaults:5)
  3 deep elf blademasters
  5 quicksilver dragons
  A deep elf master archer (Elf:3)
  An Executioner (Abyss:1)
  28 acid blobs
  An ancient champion (Vaults:3)
  4 sphinxes
  11 shadow dragons
  4 thorn hunters
  5 tentacled starspawn
  12 death cobs
  Donald (Spider:2)
  5 draconian monks
  Agnes (D:15)
  3 tengu reavers (Vaults:5)
  14 storm dragons
  21 azure jellies
  9 fire giants
  17 vault wardens
  4 draconian knights
  9 frost giants
  9 deep elf sorcerers
  9 draconian scorchers
  The ghost of EvilAshe the Severer, a journeyman DDBe of Trog (Orc:1)
  2 orc warlords
  7 ghost moths
  A curse skull (Vaults:3)
  7 draconian shifters
  4 iron dragons
  A balrug (Abyss:1)
  3 emperor scorpions
  9 draconian stormcallers
  6 deep elf elementalists
  6 draconian annihilators
  25 very ugly things
  4 spriggan defenders (Depths:1)
  A war gargoyle (Vaults:5)
  13 green draconians
  4 entropy weavers
  8 ironheart preservers
  9 deep elf annihilators
  4 vampire knights
  15 purple draconians
  20 black draconians
  29 stone giants
  5 dire elephants (Lair:6)
  5 deep elf demonologists
  9 yellow draconians
  14 red draconians
  19 spark wasps
  12 white draconians
  Snorg (D:11)
  7 deep elf death magi
  16 death oozes (Slime:5)
  An eidolon (Abyss:1)
  Josephine (D:12)
  A minotaur (shapeshifter) (Depths:3)
  17 ettins
  14 fire dragons
  17 great orbs of eyes
  4 deep elf high priests
  15 yaktaur captains
  A crystal guardian (Vaults:2)
  30 hydras
  A hell beast (Depths:3)
  Erolcha (D:9)
  15 ice dragons
  Harold (D:12)
  5 rakshasas
  27 vault guards
  5 spriggan air magi
  An anaconda (Lair:6)
  4 death knights
  4 ghost crabs
  Erica (Orc:1)
  5 centaur warriors
  22 ogre magi
  68 two-headed ogres
  8 deep troll shamans
  5 death yaks (Lair:6)
  The ghost of shakethe the Carver, a novice BaFi of Okawaru (D:8)
  6 tengu warriors
  12 deep troll earth magi
  30 dancing weapons
  8 spriggan berserkers
  4 hell hogs (Abyss:3)
  3 alligators
  3 vampire magi
  5 thrashing horrors
  A shock serpent (shapeshifter) (Depths:1)
  21 small abominations
  36 deep elf knights
  Nergalle (Orc:1)
  3 sun demons
  8 orc high priests
  A soul eater (Depths:3)
  5 skeletal warriors
  5 iron trolls
  4 hell knights (Depths:2)
  3 wretched stars
  2 shadow wraiths
  A sixfirhy (Zot:2)
  A death drake (Abyss:3)
  An unseen horror (shapeshifter) (Elf:2)
  5 flayed ghosts
  2 salamander mystics (Depths:5)
  4 unseen horrors
  A shadow dragon zombie (Vaults:5)
  A spriggan druid (Swamp:3)
  28 deep trolls
  3 shambling mangroves
  An obsidian statue (Depths:3)
  6 swamp dragons
  Pikel (D:7)
  3 harpies
  17 deep elf archers
  13 ironbrand convokers
  11 wizards
  4 glowing orange brains
  5 necromancers
  A golden dragon skeleton (D:15)
  23 orc knights
  4 phantasmal warriors
  11 orb spiders
  3 oklob plants (Lair:5)
  The ghost of shakethe the Chopper, a novice FoFi of Okawaru (D:6)
  25 ugly things
  20 wolf spiders
  8 orc sorcerers
  A wolf spider zombie (D:15)
  81 deep elf magi
  A shadow dragon skeleton (Depths:2)
  6 shining eyes
  4 manticores
  8 cyclopes
  A fire giant zombie (Depths:2)
  A worldbinder (Abyss:3)
  A faun (shapeshifter) (Vaults:4)
  A stone giant zombie (D:15)
  4 salamanders (Depths:5)
  A frost giant skeleton (Abyss:1)
  20 elephants
  22 moths of wrath
  Maurice (Orc:1)
  18 vault sentinels
  A black mamba (Lair:6)
  An ice statue (IceCv)
  An apocalypse crab (Abyss:3)
  A guardian serpent (shapeshifter) (D:15)
  3 rust devils
  A stone giant skeleton (Depths:2)
  A fire giant skeleton (Abyss:1)
  4 smoke demons
  A gargoyle (D:11)
  8 eyes of devastation
  An elf zombie (Vaults:5)
  19 spiny frogs
  A spriggan skeleton (Depths:2)
  An orange demon (Abyss:1)
  4 centaur skeletons
  A rime drake (Lair:6)
  A komodo dragon (shapeshifter) (D:14)
  A redback zombie (D:13)
  4 komodo dragons
  2 rime drakes (shapeshifter)
  60 yaktaurs
  A hellwing (Depths:5)
  A kobold demonologist (Abyss:3)
  A tormentor (Abyss:3)
  3 efreet
  7 demonic crawlers
  4 ice devils
  4 tengu conjurers
  15 freezing wraiths
  A yaktaur skeleton (D:15)
  4 trolls
  A polar bear (shapeshifter) (Vaults:1)
  4 ancient zymes
  4 red devils
  2 jumping spiders (shapeshifter)
  A wolf spider simulacrum (IceCv)
  A polar bear (Lair:6)
  A queen bee (shapeshifter) (Depths:1)
  5 tyrant leeches
  28 jumping spiders
  A hornet (shapeshifter) (Depths:2)
  14 blink frogs
  22 hornets
  A harpy skeleton (D:14)
  15 bog bodies
  Prince Ribbit (D:7)
  10 raiju
  A raiju (shapeshifter) (Abyss:2)
  8 hippogriffs
  A dream sheep (shapeshifter) (Depths:2)
  134 slime creatures
  A snapping turtle (shapeshifter) (Vaults:5)
  A deep troll skeleton (D:15)
  5 ynoxinuls
  A tarantella (shapeshifter) (Depths:1)
  A spriggan (shapeshifter) (Vaults:3)
  10 air elementals
  54 redbacks
  14 spriggans
  4 fire bats
  10 wraiths
  34 tarantellas
  A wyvern (Lair:2)
  7 water elementals
  3 basilisks
  The ghost of shakethe the Slasher, an amateur BaFi of Elyvilon (D:4)
  A neqoxec (Abyss:3)
  21 yaks
  6 golden eyes
  A basilisk (shapeshifter) (Depths:3)
  5 fire elementals
  A golden eye (shapeshifter) (Vaults:3)
  2 hungry ghosts
  24 large abominations
  4 chaos spawn
  4 wargs
  14 vampire mosquitoes
  A soldier ant (D:15)
  14 swamp worms
  5 acid dragons
  7 insubstantial wisps
  A warg (shapeshifter) (Depths:5)
  3 hydra simulacra
  12 water moccasins
  A floating eye (Depths:3)
  2 porcupines (Lair:1)
  A hell hound (Depths:5)
  7 swamp drakes
  A human skeleton (Depths:2)
  47 orc warriors
  8 eyes of draining
  2 phantoms
  9 sky beasts
  4 slaves (D:7)
  3 black bears
  11 ice beasts
  An eye of draining (shapeshifter) (Vaults:2)
  8 necrophages
  An alligator simulacrum (IceCv)
  18 boggarts
  53 ogres
  12 centaurs
  17 crocodiles
  A gnoll sergeant (D:11)
  4 big kobolds
  22 bullfrogs
  4 earth elementals
  A wyvern zombie (D:10)
  A water moccasin skeleton (D:11)
  A hornet simulacrum (D:14)
  5 scorpions
  13 wights
  3 killer bees (D:9)
  4 electric eels
  6 howler monkeys
  12 crimson imps
  5 bullfrog zombies
  6 draconian simulacra (IceCv)
  7 starcursed masses
  2 quasits
  6 centaur zombies
  29 orc priests
  13 hounds
  11 jellies
  30 orc wizards
  8 iron imps (Depths:3)
  7 iguanas
  A spriggan simulacrum (IceCv)
  13 worker ants
  A polar bear simulacrum (IceCv)
  A wolf simulacrum (IceCv)
  4 troll simulacra (IceCv)
  2 centaur simulacra (IceCv)
  2 hound zombies
  5 hound skeletons
  4 mummies
  3 worker ant zombies
  A howler monkey skeleton (D:7)
  11 gnolls
  5 naga simulacra (IceCv)
  2 ogre simulacra (IceCv)
  5 river rats (D:3)
  13 adders
  11 shadow imps
  14 white imps
  3 ufetubi
  2 oozes
  An adder zombie (D:8)
  3 worms (D:3)
  A worm (shapeshifter) (Vaults:2)
  An adder skeleton (D:5)
  2 dart slugs
  4 leopard geckos
  107 orcs
  6 giant cockroaches
  8 goblins
  6 hobgoblins
  3 jackals (D:5)
  6 quokkas
  3 ball pythons
  6 bats
  4 frilled lizards
  19 kobolds
  A quokka zombie (D:7)
  7 rats
  3 crawling corpses
  A lurking horror (Abyss:2)
  8 plants
  4 starspawn tentacles
  A withered plant (D:11)
2717 creatures vanquished.

Vanquished Creatures (collateral kills)
  2 orbs of fire
  A golden dragon (Zot:5)
  A lich (Depths:2)
  6 Orb Guardians (Zot:5)
  3 acid blobs
  3 tentacled starspawn
  A storm dragon (Zot:5)
  A shadow dragon (Vaults:5)
  An azure jelly (Slime:2)
  3 draconian monks
  A draconian knight (Zot:5)
  A draconian shifter (Zot:5)
  2 draconian stormcallers
  2 black draconians (Zot:5)
  A purple draconian (Zot:5)
  A red draconian (Zot:5)
  An ettin (Vaults:5)
  A deep elf death mage (Vaults:4)
  A yaktaur captain (Vaults:5)
  9 vault guards (Vaults:5)
  A ghost crab (Swamp:3)
  2 two-headed ogres
  2 thrashing horrors
  A hell knight (Depths:2)
  2 deep elf archers (Elf:3)
  2 ironbrand convokers (Vaults:2)
  A glowing orange brain (Depths:4)
  An orc knight (Orc:1)
  An ugly thing (Depths:4)
  5 shining eyes
  4 deep elf magi
  A wolf spider (Spider:4)
  A moth of wrath (Zot:3)
  A frost giant zombie (Vaults:5)
  A vault sentinel (Vaults:2)
  2 apocalypse crabs
  2 eyes of devastation
  A large abomination (Abyss:1)
  An orange demon (Abyss:1)
  A yaktaur (Vaults:2)
  A freezing wraith (Vaults:5)
  An efreet (Abyss:3)
  2 red devils
  An ancient zyme (Abyss:1)
  A demonic crawler (Spider:4)
  An elf skeleton (Vaults:5)
  A hornet (Spider:3)
  13 slime creatures
  5 redbacks (Spider:4)
  2 tarantellas
  A tarantella (shapeshifter) (Vaults:5)
  A ynoxinul (Abyss:3)
  A chaos spawn (Abyss:3)
  3 neqoxecs
  A warg (Orc:2)
  A floating eye (Depths:4)
  6 orc warriors
  3 eyes of draining
  A boggart (Abyss:3)
  2 ogres
  7 small abominations
  2 wights (Abyss:3)
  8 starcursed masses
  5 orc priests
  A white imp (Abyss:2)
  An ufetubus (Abyss:1)
  11 orcs
  A frilled lizard (D:2)
  A starspawn tentacle (Abyss:1)
160 creatures vanquished.

Vanquished Creatures (others)
  Asterion (Spider:2)
  A deep elf master archer (Elf:3)
  A death cob (Zot:4)
  A draconian knight (Zot:5)
  A ghost moth (Zot:5)
  A stone giant (Depths:4)
  5 yaktaur captains
  A vault guard (Vaults:5)
  3 centaur warriors
  An alligator (Swamp:3)
  2 deep elf knights
  19 ball lightnings
  7 deep elf archers
  2 deep elf magi (Elf:2)
  An orb spider (Spider:2)
  A cyclops (Vaults:1)
  A moth of wrath (Zot:5)
  A vault sentinel (Vaults:2)
  A large abomination (Abyss:3)
  A kobold demonologist (Abyss:3)
  15 yaktaurs
  A red devil (Abyss:1)
  A redback (Spider:2)
  A water elemental (Abyss:3)
  A swamp worm (Swamp:3)
  A spiny frog simulacrum (Abyss:3)
  A wight (Abyss:3)
  An orc (Orc:2)
  6 fungi
  A lurking horror (Abyss:1)
  A pillar of salt (Abyss:3)
  7 plants
  30 starspawn tentacles
  13 withered plants (D:15)
132 creatures vanquished.

Grand Total: 3009 creatures vanquished

Notes
Turn   | Place    | Note
-------+----------+-------------------------------------------
     0 | D:1      | shakethe the Gnoll Necromancer began the quest for the Orb.
     0 | D:1      | Reached XP level 1. HP: 13/13 MP: 6/6
   356 | D:1      | Reached XP level 2. HP: 16/19 MP: 3/7
   759 | D:2      | Noticed a howler monkey
   766 | D:2      | Killed a howler monkey
   766 | D:2      | Reached skill level 5 in Spellcasting
   766 | D:2      | Reached skill level 1 in Invocations
   766 | D:2      | Reached XP level 3. HP: 21/25 MP: 1/9
   777 | D:1      | Learned a level 3 spell: Regeneration
   779 | D:1      | Learned a level 1 spell: Animate Skeleton
   783 | D:1      | Learned a level 3 spell: Vampiric Draining
   930 | D:2      | Reached skill level 1 in Fighting
   930 | D:2      | Reached skill level 1 in Short Blades
   930 | D:2      | Reached skill level 1 in Long Blades
   930 | D:2      | Reached skill level 1 in Axes
   930 | D:2      | Reached skill level 1 in Maces & Flails
   930 | D:2      | Reached skill level 1 in Polearms
   930 | D:2      | Reached skill level 1 in Staves
   930 | D:2      | Reached skill level 1 in Slings
   930 | D:2      | Reached skill level 1 in Bows
   930 | D:2      | Reached skill level 1 in Crossbows
   930 | D:2      | Reached skill level 1 in Throwing
   930 | D:2      | Reached skill level 1 in Armour
   930 | D:2      | Reached skill level 1 in Shields
   930 | D:2      | Reached skill level 1 in Unarmed Combat
   930 | D:2      | Reached skill level 1 in Evocations
  1028 | D:2      | Reached XP level 4. HP: 31/32 MP: 8/11
  1318 | D:2      | Found a glowing golden altar of the Shining One.
  1393 | D:2      | Reached skill level 1 in Conjurations
  1393 | D:2      | Reached skill level 1 in Hexes
  1393 | D:2      | Reached skill level 1 in Charms
  1393 | D:2      | Reached skill level 1 in Summonings
  1393 | D:2      | Reached skill level 1 in Translocations
  1393 | D:2      | Reached skill level 1 in Transmutations
  1393 | D:2      | Reached skill level 1 in Fire Magic
  1393 | D:2      | Reached skill level 1 in Ice Magic
  1393 | D:2      | Reached skill level 1 in Air Magic
  1393 | D:2      | Reached skill level 1 in Earth Magic
  1393 | D:2      | Reached skill level 1 in Poison Magic
  1661 | D:2      | Reached XP level 5. HP: 25/37 MP: 5/12
  1668 | D:2      | HP: 6/37 [gnoll/halberd (10)]
  1886 | D:2      | Learned a level 3 spell: Regeneration
  2653 | D:3      | Reached XP level 6. HP: 40/44 MP: 8/13
  2660 | D:3      | Reached skill level 2 in Invocations
  2671 | D:3      | Learned a level 5 spell: Borgnjor's Vile Clutch
  2829 | D:3      | Found a hazy altar of Hepliaklqana.
  2831 | D:3      | Found an iron altar of Okawaru.
  2831 | D:3      | Found a sacrificial altar of Ru.
  2831 | D:3      | Found a basalt altar of Yredelemnul.
  3092 | D:3      | Reached skill level 5 in Dodging
  3108 | D:3      | Reached skill level 2 in Fighting
  3108 | D:3      | Reached skill level 2 in Short Blades
  3108 | D:3      | Reached skill level 2 in Long Blades
  3108 | D:3      | Reached skill level 2 in Axes
  3108 | D:3      | Reached skill level 2 in Maces & Flails
  3108 | D:3      | Reached skill level 2 in Polearms
  3108 | D:3      | Reached skill level 2 in Staves
  3108 | D:3      | Reached skill level 2 in Slings
  3108 | D:3      | Reached skill level 2 in Bows
  3108 | D:3      | Reached skill level 2 in Crossbows
  3108 | D:3      | Reached skill level 2 in Throwing
  3108 | D:3      | Reached skill level 2 in Armour
  3108 | D:3      | Reached skill level 2 in Shields
  3108 | D:3      | Reached skill level 2 in Unarmed Combat
  3108 | D:3      | Reached skill level 2 in Evocations
  3181 | D:3      | HP: 9/44 [river rat (8)]
  3183 | D:3      | HP: 4/44 [river rat (7)]
  3385 | D:4      | Noticed a phantom
  3387 | D:4      | Found Ywnolek's Jewellery Shop.
  3441 | D:4      | Killed a phantom
  3441 | D:4      | Reached XP level 7. HP: 27/50 MP: 15/15
  3561 | D:4      | Noticed shakethe's ghost (amateur BaFi)
  3815 | D:4      | Killed shakethe's ghost
  3815 | D:4      | Reached skill level 2 in Conjurations
  3815 | D:4      | Reached skill level 2 in Hexes
  3815 | D:4      | Reached skill level 2 in Charms
  3815 | D:4      | Reached skill level 2 in Summonings
  3815 | D:4      | Reached skill level 2 in Translocations
  3815 | D:4      | Reached skill level 2 in Transmutations
  3815 | D:4      | Reached skill level 2 in Fire Magic
  3815 | D:4      | Reached skill level 2 in Ice Magic
  3815 | D:4      | Reached skill level 2 in Air Magic
  3815 | D:4      | Reached skill level 2 in Earth Magic
  3815 | D:4      | Reached skill level 2 in Poison Magic
  3889 | D:4      | Found a shattered altar of Ashenzari.
  3946 | D:4      | Reached skill level 5 in Stealth
  4145 | D:4      | Reached skill level 3 in Invocations
  4151 | D:4      | Got a thick robe
  4167 | D:4      | Identified the +3 robe of Giumiewn {Dex+5 SInv} (You found it on level 4 of the Dungeon)
  4622 | D:5      | Entered Level 5 of the Dungeon
  4692 | D:5      | Got a pair of slimy boots
  4698 | D:5      | Identified the +0 pair of boots "Deuxt" {rF+++ rC- Regen+ Slay+6} (You found it on level 5 of the Dungeon)
  4747 | D:5      | Reached XP level 8. HP: 57/57 MP: 16/16
  4909 | D:5      | Reached skill level 3 in Fighting
  4909 | D:5      | Reached skill level 3 in Short Blades
  4909 | D:5      | Reached skill level 3 in Long Blades
  4909 | D:5      | Reached skill level 3 in Axes
  4909 | D:5      | Reached skill level 3 in Maces & Flails
  4909 | D:5      | Reached skill level 3 in Polearms
  4909 | D:5      | Reached skill level 3 in Staves
  4909 | D:5      | Reached skill level 3 in Slings
  4909 | D:5      | Reached skill level 3 in Bows
  4909 | D:5      | Reached skill level 3 in Crossbows
  4909 | D:5      | Reached skill level 3 in Throwing
  4909 | D:5      | Reached skill level 3 in Armour
  4909 | D:5      | Reached skill level 3 in Shields
  4909 | D:5      | Reached skill level 3 in Unarmed Combat
  4909 | D:5      | Reached skill level 3 in Evocations
  5562 | D:6      | Reached skill level 6 in Spellcasting
  5677 | D:6      | Noticed shakethe's ghost (novice FoFi)
  5732 | D:6      | HP: 8/58 [shakethe's ghost (13)]
  5861 | D:6      | Killed shakethe's ghost
  5861 | D:6      | Reached skill level 6 in Dodging
  5861 | D:6      | Reached skill level 3 in Conjurations
  5861 | D:6      | Reached skill level 3 in Hexes
  5861 | D:6      | Reached skill level 3 in Charms
  5861 | D:6      | Reached skill level 3 in Summonings
  5861 | D:6      | Reached skill level 3 in Translocations
  5861 | D:6      | Reached skill level 3 in Transmutations
  5861 | D:6      | Reached skill level 3 in Fire Magic
  5861 | D:6      | Reached skill level 3 in Ice Magic
  5861 | D:6      | Reached skill level 3 in Air Magic
  5861 | D:6      | Reached skill level 3 in Earth Magic
  5861 | D:6      | Reached skill level 3 in Poison Magic
  5861 | D:6      | Reached skill level 4 in Invocations
  5861 | D:6      | Reached XP level 9. HP: 33/65 MP: 14/18
  6062 | D:6      | Found a snail-covered altar of Cheibriados.
  6080 | D:6      | Became a worshipper of Cheibriados the Contemplative
  6209 | D:6      | Reached skill level 4 in Fighting
  6209 | D:6      | Reached skill level 4 in Short Blades
  6209 | D:6      | Reached skill level 4 in Long Blades
  6209 | D:6      | Reached skill level 4 in Axes
  6209 | D:6      | Reached skill level 4 in Maces & Flails
  6209 | D:6      | Reached skill level 4 in Polearms
  6209 | D:6      | Reached skill level 4 in Staves
  6209 | D:6      | Reached skill level 4 in Slings
  6209 | D:6      | Reached skill level 4 in Bows
  6209 | D:6      | Reached skill level 4 in Crossbows
  6209 | D:6      | Reached skill level 4 in Throwing
  6209 | D:6      | Reached skill level 4 in Armour
  6209 | D:6      | Reached skill level 4 in Shields
  6209 | D:6      | Reached skill level 4 in Unarmed Combat
  6209 | D:6      | Reached skill level 4 in Evocations
  6297 | D:6      | Found a deep blue altar of Sif Muna.
  6479 | D:6      | Reached skill level 6 in Stealth
  6479 | D:6      | Reached skill level 8 in Necromancy
  6572 | D:6      | Found a staircase to the Ecumenical Temple.
  6790 | D:7      | Noticed Prince Ribbit
  6804 | D:7      | Killed Prince Ribbit
  6804 | D:7      | Reached * piety under Cheibriados
  6846 | D:7      | Learned a level 4 spell: Iskenderun's Mystic Blast
  7039 | D:7      | Reached skill level 5 in Invocations
  7484 | D:7      | Reached XP level 10. HP: 73/73 MP: 6/20
  7496 | D:7      | Reached skill level 7 in Spellcasting
  7500 | D:7      | Reached ** piety under Cheibriados
  7544 | D:7      | Noticed Pikel
  7544 | D:7      | Reached skill level 4 in Conjurations
  7544 | D:7      | Reached skill level 4 in Hexes
  7544 | D:7      | Reached skill level 4 in Charms
  7544 | D:7      | Reached skill level 4 in Summonings
  7544 | D:7      | Reached skill level 4 in Translocations
  7544 | D:7      | Reached skill level 4 in Transmutations
  7544 | D:7      | Reached skill level 4 in Fire Magic
  7544 | D:7      | Reached skill level 4 in Ice Magic
  7544 | D:7      | Reached skill level 4 in Air Magic
  7544 | D:7      | Reached skill level 4 in Earth Magic
  7544 | D:7      | Reached skill level 4 in Poison Magic
  7553 | D:7      | Killed Pikel
  7553 | D:7      | Reached skill level 5 in Fighting
  7553 | D:7      | Reached skill level 5 in Short Blades
  7553 | D:7      | Reached skill level 5 in Long Blades
  7553 | D:7      | Reached skill level 5 in Axes
  7553 | D:7      | Reached skill level 5 in Maces & Flails
  7553 | D:7      | Reached skill level 5 in Polearms
  7553 | D:7      | Reached skill level 5 in Staves
  7553 | D:7      | Reached skill level 5 in Slings
  7553 | D:7      | Reached skill level 5 in Bows
  7553 | D:7      | Reached skill level 5 in Crossbows
  7553 | D:7      | Reached skill level 5 in Throwing
  7553 | D:7      | Reached skill level 5 in Armour
  7553 | D:7      | Reached skill level 5 in Shields
  7553 | D:7      | Reached skill level 5 in Unarmed Combat
  7553 | D:7      | Reached skill level 5 in Evocations
  7797 | D:8      | Noticed shakethe's ghost (novice BaFi)
  7813 | D:8      | Reached skill level 7 in Dodging
  7817 | D:8      | HP: 17/74 [acid (10)]
  7966 | D:8      | HP: 7/74 [shakethe's ghost (19)]
  8134 | D:8      | Killed shakethe's ghost
  8237 | D:8      | Reached skill level 6 in Invocations
  8295 | D:8      | Found a staircase to the Lair.
  8295 | D:8      | Noticed an elephant
  8307 | D:8      | Reached skill level 7 in Stealth
  8307 | D:8      | Reached *** piety under Cheibriados
  8309 | D:8      | Killed an elephant
  8847 | D:9      | Noticed Erolcha
  8850 | D:9      | Reached XP level 11. HP: 80/81 MP: 12/22
  8855 | D:9      | Killed Erolcha
  8955 | D:9      | Found Nocless's Antique Weapon Emporium.
  9099 | D:9      | Reached skill level 6 in Fighting
  9099 | D:9      | Reached skill level 6 in Short Blades
  9099 | D:9      | Reached skill level 6 in Long Blades
  9099 | D:9      | Reached skill level 6 in Axes
  9099 | D:9      | Reached skill level 6 in Maces & Flails
  9099 | D:9      | Reached skill level 6 in Polearms
  9099 | D:9      | Reached skill level 6 in Staves
  9099 | D:9      | Reached skill level 6 in Slings
  9099 | D:9      | Reached skill level 6 in Bows
  9099 | D:9      | Reached skill level 6 in Crossbows
  9099 | D:9      | Reached skill level 6 in Throwing
  9099 | D:9      | Reached skill level 6 in Armour
  9099 | D:9      | Reached skill level 6 in Shields
  9099 | D:9      | Reached skill level 6 in Unarmed Combat
  9099 | D:9      | Reached skill level 6 in Evocations
  9241 | D:9      | Reached skill level 5 in Conjurations
  9241 | D:9      | Reached skill level 5 in Hexes
  9241 | D:9      | Reached skill level 5 in Charms
  9241 | D:9      | Reached skill level 5 in Summonings
  9241 | D:9      | Reached skill level 5 in Translocations
  9241 | D:9      | Reached skill level 5 in Transmutations
  9241 | D:9      | Reached skill level 5 in Fire Magic
  9241 | D:9      | Reached skill level 5 in Ice Magic
  9241 | D:9      | Reached skill level 5 in Air Magic
  9241 | D:9      | Reached skill level 5 in Earth Magic
  9241 | D:9      | Reached skill level 5 in Poison Magic
  9260 | D:9      | Found Zinguip's Book Shop.
  9451 | D:10     | Entered Level 10 of the Dungeon
  9489 | D:10     | Reached **** piety under Cheibriados
  9494 | D:10     | Reached skill level 8 in Spellcasting
  9723 | D:10     | Found a staircase to the Orcish Mines.
  9733 | D:10     | Reached ***** piety under Cheibriados
  9764 | D:10     | Reached skill level 9 in Necromancy
  9764 | D:10     | Reached skill level 7 in Invocations
 10013 | D:10     | Reached skill level 8 in Dodging
 10427 | D:11     | Noticed Snorg
 10769 | D:11     | Noticed a manticore
 10773 | D:11     | Reached skill level 8 in Stealth
 10777 | D:11     | Killed a manticore
 10777 | D:11     | Reached XP level 12. HP: 66/89 MP: 1/24
 10898 | D:11     | Reached ****** piety under Cheibriados
 11181 | D:11     | Killed Snorg
 11181 | D:11     | Reached skill level 7 in Fighting
 11181 | D:11     | Reached skill level 7 in Short Blades
 11181 | D:11     | Reached skill level 7 in Long Blades
 11181 | D:11     | Reached skill level 7 in Axes
 11181 | D:11     | Reached skill level 7 in Maces & Flails
 11181 | D:11     | Reached skill level 7 in Polearms
 11181 | D:11     | Reached skill level 7 in Staves
 11181 | D:11     | Reached skill level 7 in Slings
 11181 | D:11     | Reached skill level 7 in Bows
 11181 | D:11     | Reached skill level 7 in Crossbows
 11181 | D:11     | Reached skill level 7 in Throwing
 11181 | D:11     | Reached skill level 7 in Armour
 11181 | D:11     | Reached skill level 7 in Shields
 11181 | D:11     | Reached skill level 7 in Unarmed Combat
 11181 | D:11     | Reached skill level 7 in Evocations
 11200 | D:11     | Learned a level 6 spell: Iron Shot
 11559 | D:12     | Noticed Josephine
 11566 | D:12     | Killed Josephine
 11586 | D:12     | Reached skill level 6 in Conjurations
 11586 | D:12     | Reached skill level 6 in Hexes
 11586 | D:12     | Reached skill level 6 in Charms
 11586 | D:12     | Reached skill level 6 in Summonings
 11586 | D:12     | Reached skill level 6 in Translocations
 11586 | D:12     | Reached skill level 6 in Transmutations
 11586 | D:12     | Reached skill level 6 in Fire Magic
 11586 | D:12     | Reached skill level 6 in Ice Magic
 11586 | D:12     | Reached skill level 6 in Air Magic
 11586 | D:12     | Reached skill level 6 in Earth Magic
 11586 | D:12     | Reached skill level 6 in Poison Magic
 11683 | D:12     | Noticed Rupert
 11696 | D:12     | Killed Rupert
 11696 | D:12     | Reached skill level 9 in Spellcasting
 11696 | D:12     | Reached skill level 8 in Invocations
 11746 | D:12     | Noticed Harold
 11751 | D:12     | Killed Harold
 11946 | D:12     | Found the +5 scythe "Finisher" {speed, Str+3}
 12026 | D:12     | Reached skill level 9 in Dodging
 12034 | D:12     | Reached XP level 13. HP: 98/98 MP: 12/26
 12104 | D:12     | Found Kearheu's Food Shoppe.
 12496 | D:13     | Reached skill level 9 in Stealth
 12519 | D:13     | Identified a scroll of acquirement
 12525 | D:13     | Got a steaming eveningstar
 12526 | D:13     | Identified the +5 eveningstar "Keshrat" {crush, +Rage +Fly MR+ Dex-5} (You acquired it on level 13 of the Dungeon)
 12686 | D:13     | Reached skill level 8 in Fighting
 12686 | D:13     | Reached skill level 8 in Short Blades
 12686 | D:13     | Reached skill level 8 in Long Blades
 12686 | D:13     | Reached skill level 8 in Axes
 12686 | D:13     | Reached skill level 8 in Maces & Flails
 12686 | D:13     | Reached skill level 8 in Polearms
 12686 | D:13     | Reached skill level 8 in Staves
 12686 | D:13     | Reached skill level 8 in Slings
 12686 | D:13     | Reached skill level 8 in Bows
 12686 | D:13     | Reached skill level 8 in Crossbows
 12686 | D:13     | Reached skill level 8 in Throwing
 12686 | D:13     | Reached skill level 8 in Armour
 12686 | D:13     | Reached skill level 8 in Shields
 12686 | D:13     | Reached skill level 8 in Unarmed Combat
 12686 | D:13     | Reached skill level 8 in Evocations
 13203 | D:13     | Reached skill level 9 in Invocations
 13706 | D:14     | Reached skill level 10 in Necromancy
 13759 | D:14     | Got a crude amber ring
 13792 | D:14     | Noticed a vault guard
 13792 | D:14     | Noticed a vault guard
 13802 | D:14     | Identified the ring "Dolubela" {rN++ Dex+6} (You found it on level 14 of the Dungeon)
 13824 | D:14     | Noticed a vault guard
 13825 | D:14     | Found a gate to the Vaults.
 13826 | D:14     | Noticed a vault guard
 13826 | D:14     | Noticed a vault guard
 13826 | D:14     | Noticed a vault guard
 13827 | D:14     | Noticed a vault guard
 13830 | D:14     | Noticed a vault guard
 13832 | D:14     | Killed a vault guard
 13832 | D:14     | Reached skill level 7 in Conjurations
 13832 | D:14     | Reached skill level 7 in Hexes
 13832 | D:14     | Reached skill level 7 in Charms
 13832 | D:14     | Reached skill level 7 in Summonings
 13832 | D:14     | Reached skill level 7 in Translocations
 13832 | D:14     | Reached skill level 7 in Transmutations
 13832 | D:14     | Reached skill level 7 in Fire Magic
 13832 | D:14     | Reached skill level 7 in Ice Magic
 13832 | D:14     | Reached skill level 7 in Air Magic
 13832 | D:14     | Reached skill level 7 in Earth Magic
 13832 | D:14     | Reached skill level 7 in Poison Magic
 13840 | D:14     | Killed a vault guard
 13843 | D:14     | Killed a vault guard
 13844 | D:14     | Killed a vault guard
 13847 | D:14     | Killed a vault guard
 13850 | D:14     | Killed a vault guard
 13890 | D:14     | Killed a vault guard
 13890 | D:14     | Reached skill level 10 in Spellcasting
 14056 | D:14     | Reached XP level 14. HP: 82/106 MP: 28/28
 14395 | D:14     | Found a blossoming altar of Fedhas.
 14954 | D:15     | Entered Level 15 of the Dungeon
 15005 | D:15     | Reached skill level 10 in Dodging
 15036 | D:15     | Found an ornate altar of the Wu Jian Council.
 15056 | D:15     | Reached skill level 9 in Fighting
 15056 | D:15     | Reached skill level 9 in Short Blades
 15056 | D:15     | Reached skill level 9 in Long Blades
 15056 | D:15     | Reached skill level 9 in Axes
 15056 | D:15     | Reached skill level 9 in Maces & Flails
 15056 | D:15     | Reached skill level 9 in Polearms
 15056 | D:15     | Reached skill level 9 in Staves
 15056 | D:15     | Reached skill level 9 in Slings
 15056 | D:15     | Reached skill level 9 in Bows
 15056 | D:15     | Reached skill level 9 in Crossbows
 15056 | D:15     | Reached skill level 9 in Throwing
 15056 | D:15     | Reached skill level 9 in Armour
 15056 | D:15     | Reached skill level 9 in Shields
 15056 | D:15     | Reached skill level 9 in Unarmed Combat
 15056 | D:15     | Reached skill level 9 in Evocations
 15056 | D:15     | HP: 25/108 [phantasmal warrior (29)]
 15394 | Lair:1   | Entered Level 1 of the Lair of Beasts
 15854 | Lair:1   | Reached skill level 10 in Stealth
 16265 | Lair:2   | Found a frozen archway.
 16272 | IceCv    | Entered an ice cave
 16464 | IceCv    | Found an ancient bone altar of Kikubaaqudgha.
 16481 | IceCv    | Reached skill level 10 in Invocations
 16489 | IceCv    | HP: 10/108 [freezing wraith (34)]
 16670 | IceCv    | HP: 8/108 [something (42)]
 16974 | Lair:2   | Got a shimmering flail
 17242 | Lair:2   | Found a shimmering altar of Xom.
 17624 | Lair:3   | Found a hole to the Spider Nest.
 17760 | Lair:3   | Found a staircase to the Swamp.
 18101 | Lair:3   | Identified the cursed +1 flail of Udghugemm {venom, rPois} (You found it on level 2 of the Lair of Beasts)
 18338 | D:8      | Learned a level 6 spell: Freezing Cloud
 18495 | D:4      | Bought an uncursed amulet of magic regeneration for 420 gold pieces
 19094 | Lair:4   | Reached skill level 8 in Conjurations
 19094 | Lair:4   | Reached skill level 8 in Hexes
 19094 | Lair:4   | Reached skill level 8 in Charms
 19094 | Lair:4   | Reached skill level 8 in Summonings
 19094 | Lair:4   | Reached skill level 8 in Translocations
 19094 | Lair:4   | Reached skill level 8 in Transmutations
 19094 | Lair:4   | Reached skill level 8 in Fire Magic
 19094 | Lair:4   | Reached skill level 8 in Ice Magic
 19094 | Lair:4   | Reached skill level 8 in Air Magic
 19094 | Lair:4   | Reached skill level 8 in Earth Magic
 19094 | Lair:4   | Reached skill level 8 in Poison Magic
 19099 | Lair:4   | Reached XP level 15. HP: 87/114 MP: 27/29
 20024 | Lair:5   | Identified Lee's Papyrus of Dusty Conjuration
 20174 | Lair:5   | Reached skill level 11 in Spellcasting
 20174 | Lair:5   | Reached XP level 16. HP: 122/122 MP: 29/31
 20355 | Lair:6   | Entered Level 6 of the Lair of Beasts
 20363 | Lair:6   | Reached skill level 10 in Fighting
 20363 | Lair:6   | Reached skill level 10 in Short Blades
 20363 | Lair:6   | Reached skill level 10 in Long Blades
 20363 | Lair:6   | Reached skill level 10 in Axes
 20363 | Lair:6   | Reached skill level 10 in Maces & Flails
 20363 | Lair:6   | Reached skill level 10 in Polearms
 20363 | Lair:6   | Reached skill level 10 in Staves
 20363 | Lair:6   | Reached skill level 10 in Slings
 20363 | Lair:6   | Reached skill level 10 in Bows
 20363 | Lair:6   | Reached skill level 10 in Crossbows
 20363 | Lair:6   | Reached skill level 10 in Throwing
 20363 | Lair:6   | Reached skill level 10 in Armour
 20363 | Lair:6   | Reached skill level 10 in Shields
 20363 | Lair:6   | Reached skill level 10 in Unarmed Combat
 20363 | Lair:6   | Reached skill level 10 in Evocations
 20409 | Lair:6   | Reached skill level 11 in Dodging
 20471 | Lair:6   | Found a staircase to the Slime Pits.
 20558 | Lair:6   | Reached skill level 11 in Necromancy
 20707 | Lair:6   | Reached skill level 11 in Invocations
 21439 | Lair:6   | Reached skill level 11 in Stealth
 21746 | D:8      | Learned a level 3 spell: Ozocubu's Armour
 22026 | D:15     | Found a staircase to the Depths.
 22107 | D:15     | Noticed Agnes
 22128 | D:15     | Killed Agnes
 22128 | D:15     | Reached skill level 9 in Conjurations
 22128 | D:15     | Reached skill level 9 in Hexes
 22128 | D:15     | Reached skill level 9 in Charms
 22128 | D:15     | Reached skill level 9 in Summonings
 22128 | D:15     | Reached skill level 9 in Translocations
 22128 | D:15     | Reached skill level 9 in Transmutations
 22128 | D:15     | Reached skill level 9 in Fire Magic
 22128 | D:15     | Reached skill level 9 in Ice Magic
 22128 | D:15     | Reached skill level 9 in Air Magic
 22128 | D:15     | Reached skill level 9 in Earth Magic
 22128 | D:15     | Reached skill level 9 in Poison Magic
 22244 | D:15     | Reached XP level 17. HP: 112/129 MP: 32/32
 22840 | D:9      | Bought a book of the Sky for 1105 gold pieces
 22845 | D:9      | Learned a level 4 spell: Summon Lightning Spire
 22872 | D:9      | Learned a level 6 spell: Conjure Ball Lightning
 23031 | Orc:1    | Entered Level 1 of the Orcish Mines
 23050 | Orc:1    | Noticed Nergalle
 23057 | Orc:1    | Killed Nergalle
 23288 | Orc:1    | Noticed Erica
 23298 | Orc:1    | Killed Erica
 23326 | Orc:1    | Noticed EvilAshe's ghost (journeyman DDBe)
 23329 | Orc:1    | Noticed Maurice
 23336 | Orc:1    | Killed EvilAshe's ghost
 23337 | Orc:1    | Killed Maurice
 23639 | Orc:2    | Entered Level 2 of the Orcish Mines
 23639 | Orc:2    | Found a staircase to the Elven Halls.
 23783 | Orc:2    | Gained mutation: Your body sometimes deteriorates upon taking damage. [a neqoxec]
 23889 | Orc:2    | Got a faintly humming chain mail
 23904 | Orc:2    | Got a fine chain mail
 24346 | Orc:2    | Reached skill level 11 in Fighting
 24346 | Orc:2    | Reached skill level 11 in Short Blades
 24346 | Orc:2    | Reached skill level 11 in Long Blades
 24346 | Orc:2    | Reached skill level 11 in Axes
 24346 | Orc:2    | Reached skill level 11 in Maces & Flails
 24346 | Orc:2    | Reached skill level 11 in Polearms
 24346 | Orc:2    | Reached skill level 11 in Staves
 24346 | Orc:2    | Reached skill level 11 in Slings
 24346 | Orc:2    | Reached skill level 11 in Bows
 24346 | Orc:2    | Reached skill level 11 in Crossbows
 24346 | Orc:2    | Reached skill level 11 in Throwing
 24346 | Orc:2    | Reached skill level 11 in Armour
 24346 | Orc:2    | Reached skill level 11 in Shields
 24346 | Orc:2    | Reached skill level 11 in Unarmed Combat
 24346 | Orc:2    | Reached skill level 11 in Evocations
 24437 | Orc:2    | Found Ulexzonu's Assorted Antiques.
 24440 | Orc:2    | Found Vausm's Jewellery Boutique.
 24441 | Orc:2    | Found Cist's Food Shop.
 24442 | Orc:2    | Found Wohipnit's Book Shop.
 25011 | Orc:2    | Bought a book of Spatial Translocations for 1040 gold pieces
 25248 | D:8      | Learned a level 2 spell: Blink
 25367 | Swamp:1  | Entered Level 1 of the Swamp
 25381 | Swamp:1  | Reached skill level 12 in Spellcasting
 25516 | Swamp:1  | Reached skill level 12 in Invocations
 25915 | Swamp:1  | Reached skill level 12 in Dodging
 26625 | Swamp:2  | Found a glowing silver altar of Zin.
 27167 | Swamp:3  | Reached skill level 12 in Stealth
 27247 | Swamp:3  | Reached XP level 18. HP: 116/138 MP: 25/34
 27852 | Swamp:4  | Entered Level 4 of the Swamp
 28111 | Swamp:4  | Reached skill level 12 in Necromancy
 28171 | Swamp:4  | Reached skill level 10 in Conjurations
 28171 | Swamp:4  | Reached skill level 10 in Hexes
 28171 | Swamp:4  | Reached skill level 10 in Charms
 28171 | Swamp:4  | Reached skill level 10 in Summonings
 28171 | Swamp:4  | Reached skill level 10 in Translocations
 28171 | Swamp:4  | Reached skill level 10 in Transmutations
 28171 | Swamp:4  | Reached skill level 10 in Fire Magic
 28171 | Swamp:4  | Reached skill level 10 in Ice Magic
 28171 | Swamp:4  | Reached skill level 10 in Air Magic
 28171 | Swamp:4  | Reached skill level 10 in Earth Magic
 28171 | Swamp:4  | Reached skill level 10 in Poison Magic
 28192 | Swamp:4  | Got a decaying rune of Zot
 28901 | D:8      | Identified the cursed +1 chain mail of the Blue Moon {rC++ Regen+} (You took it off an orc warlord on level 2 of the Orcish Mines)
 29035 | Spider:1 | Entered Level 1 of the Spider Nest
 29805 | Spider:2 | Noticed Nikola
 29819 | Spider:2 | Killed Nikola
 30026 | Spider:2 | Noticed Asterion
 30039 | Spider:2 | Killed Asterion
 30159 | Spider:2 | Noticed Jorgrun
 30165 | Spider:2 | Killed Jorgrun
 30255 | Spider:2 | Found the +7 longbow "Piercer" {penet, EV-2}
 30303 | Spider:2 | Reached skill level 12 in Fighting
 30303 | Spider:2 | Reached skill level 12 in Short Blades
 30303 | Spider:2 | Reached skill level 12 in Long Blades
 30303 | Spider:2 | Reached skill level 12 in Axes
 30303 | Spider:2 | Reached skill level 12 in Maces & Flails
 30303 | Spider:2 | Reached skill level 12 in Polearms
 30303 | Spider:2 | Reached skill level 12 in Staves
 30303 | Spider:2 | Reached skill level 12 in Slings
 30303 | Spider:2 | Reached skill level 12 in Bows
 30303 | Spider:2 | Reached skill level 12 in Crossbows
 30303 | Spider:2 | Reached skill level 12 in Throwing
 30303 | Spider:2 | Reached skill level 12 in Armour
 30303 | Spider:2 | Reached skill level 12 in Shields
 30303 | Spider:2 | Reached skill level 12 in Unarmed Combat
 30303 | Spider:2 | Reached skill level 12 in Evocations
 30517 | Spider:2 | Noticed Donald
 30520 | Spider:2 | Killed Donald
 30680 | Spider:2 | Reached skill level 13 in Invocations
 31076 | Spider:3 | Reached XP level 19. HP: 135/146 MP: 17/35
 31263 | Spider:3 | Reached skill level 13 in Spellcasting
 31749 | Spider:4 | Entered Level 4 of the Spider Nest
 32269 | Spider:4 | Reached skill level 13 in Dodging
 32460 | Spider:4 | Reached skill level 13 in Stealth
 32597 | Spider:4 | Got a gossamer rune of Zot
 33076 | D:8      | Identified the +4 chain mail "Noept" {*Drain rElec Str+2 SInv} (You found it on level 2 of the Orcish Mines)
 33337 | Orc:2    | Bought an uncursed ring of protection from magic for 350 gold pieces
 33404 | Elf:1    | Entered Level 1 of the Elven Halls
 33424 | Elf:1    | Found a radiant altar of Vehumet.
 33614 | D:8      | Learned a level 6 spell: Deflect Missiles
 34777 | Elf:2    | Found a portal to a secret trove of treasure.
 34955 | Elf:2    | Found a flickering gateway to a bazaar.
 34968 | Bazaar   | Entered a bazaar
 34975 | Bazaar   | Found Liaview's Antique Weapon Emporium.
 34988 | Bazaar   | Found Jeklat's Antique Weapon Shoppe.
 35003 | Bazaar   | Found Lust's Antique Armour Shoppe.
 35014 | Bazaar   | Found Cekkox's Antique Armour Emporium.
 35097 | Bazaar   | Bought a pair of faintly humming gloves for 209 gold pieces
 35097 | Bazaar   | Identified the +1 pair of gloves of Edwyb {Str+3} (You bought it in a shop in a bazaar)
 35210 | Elf:2    | Reached XP level 20. HP: 155/155 MP: 37/37
 35340 | Elf:2    | Found a runed gate.
 35340 | Elf:2    | Found a runed gate.
 35340 | Elf:2    | Found a runed gate.
 35503 | Elf:2    | Reached skill level 11 in Conjurations
 35503 | Elf:2    | Reached skill level 11 in Hexes
 35503 | Elf:2    | Reached skill level 11 in Charms
 35503 | Elf:2    | Reached skill level 11 in Summonings
 35503 | Elf:2    | Reached skill level 11 in Translocations
 35503 | Elf:2    | Reached skill level 11 in Transmutations
 35503 | Elf:2    | Reached skill level 11 in Fire Magic
 35503 | Elf:2    | Reached skill level 11 in Ice Magic
 35503 | Elf:2    | Reached skill level 11 in Air Magic
 35503 | Elf:2    | Reached skill level 11 in Earth Magic
 35503 | Elf:2    | Reached skill level 11 in Poison Magic
 36201 | Elf:3    | Entered Level 3 of the Elven Halls
 36204 | Elf:3    | Reached skill level 14 in Invocations
 36215 | Elf:3    | Reached skill level 13 in Fighting
 36215 | Elf:3    | Reached skill level 13 in Short Blades
 36215 | Elf:3    | Reached skill level 13 in Long Blades
 36215 | Elf:3    | Reached skill level 13 in Axes
 36215 | Elf:3    | Reached skill level 13 in Maces & Flails
 36215 | Elf:3    | Reached skill level 13 in Polearms
 36215 | Elf:3    | Reached skill level 13 in Staves
 36215 | Elf:3    | Reached skill level 13 in Slings
 36215 | Elf:3    | Reached skill level 13 in Bows
 36215 | Elf:3    | Reached skill level 13 in Crossbows
 36215 | Elf:3    | Reached skill level 13 in Throwing
 36215 | Elf:3    | Reached skill level 13 in Armour
 36215 | Elf:3    | Reached skill level 13 in Shields
 36215 | Elf:3    | Reached skill level 13 in Unarmed Combat
 36215 | Elf:3    | Reached skill level 13 in Evocations
 36443 | Elf:3    | Found Voifyubb's Book Shoppe.
 36692 | Elf:3    | Reached skill level 13 in Necromancy
 37268 | Elf:3    | Reached skill level 14 in Spellcasting
 37436 | Elf:3    | Reached XP level 21. HP: 152/162 MP: 35/39
 37465 | Elf:3    | Found the +2 ratskin cloak {+Rats rPois rN+ Str-1 Int-1 Dex+1}
 37467 | Elf:3    | Reached skill level 14 in Dodging
 37494 | Elf:3    | Got a translucent chain mail
 37787 | Elf:3    | Identified the +6 chain mail of the Okapi {*Slow +Inv rElec rN+++} (You found it on level 3 of the Elven Halls)
 37800 | Elf:3    | Got a slimy plate armour
 37802 | Elf:3    | Identified the +1 plate armour of the Salmon {Int+4} (You found it on level 3 of the Elven Halls)
 37900 | Elf:3    | Identified the cursed +3 trident of Skirmishing {drain, rF+ Dex+2} (You found it on level 3 of the Elven Halls)
 37948 | Elf:3    | Identified the +5 flail "Killer Bee's Peril" {venom, Fragile +Blink rElec rF-} (You found it on level 3 of the Elven Halls)
 37950 | Elf:3    | Got a bloodstained flail
 38637 | Vaults:1 | Entered Level 1 of the Vaults
 38706 | Vaults:1 | Reached skill level 14 in Stealth
 38813 | Vaults:1 | Found Fablu's Gadget Boutique.
 40461 | Vaults:2 | Found a shimmering altar of Xom.
 40752 | Vaults:2 | Reached skill level 15 in Invocations
 40758 | Vaults:2 | Reached skill level 12 in Conjurations
 40758 | Vaults:2 | Reached skill level 12 in Hexes
 40758 | Vaults:2 | Reached skill level 12 in Charms
 40758 | Vaults:2 | Reached skill level 12 in Summonings
 40758 | Vaults:2 | Reached skill level 12 in Translocations
 40758 | Vaults:2 | Reached skill level 12 in Transmutations
 40758 | Vaults:2 | Reached skill level 12 in Fire Magic
 40758 | Vaults:2 | Reached skill level 12 in Ice Magic
 40758 | Vaults:2 | Reached skill level 12 in Air Magic
 40758 | Vaults:2 | Reached skill level 12 in Earth Magic
 40758 | Vaults:2 | Reached skill level 12 in Poison Magic
 40787 | Vaults:2 | Reached XP level 22. HP: 153/171 MP: 27/40
 41161 | Vaults:2 | Reached skill level 14 in Fighting
 41161 | Vaults:2 | Reached skill level 14 in Short Blades
 41161 | Vaults:2 | Reached skill level 14 in Long Blades
 41161 | Vaults:2 | Reached skill level 14 in Axes
 41161 | Vaults:2 | Reached skill level 14 in Maces & Flails
 41161 | Vaults:2 | Reached skill level 14 in Polearms
 41161 | Vaults:2 | Reached skill level 14 in Staves
 41161 | Vaults:2 | Reached skill level 14 in Slings
 41161 | Vaults:2 | Reached skill level 14 in Bows
 41161 | Vaults:2 | Reached skill level 14 in Crossbows
 41161 | Vaults:2 | Reached skill level 14 in Throwing
 41161 | Vaults:2 | Reached skill level 14 in Armour
 41161 | Vaults:2 | Reached skill level 14 in Shields
 41161 | Vaults:2 | Reached skill level 14 in Unarmed Combat
 41161 | Vaults:2 | Reached skill level 14 in Evocations
 41174 | Vaults:2 | HP: 28/172 [vault warden/great mace of protection (37)]
 41827 | Vaults:3 | Found a staircase to the Crypt.
 42213 | Vaults:3 | Found Koblyix's Food Shoppe.
 42450 | Vaults:3 | Reached skill level 15 in Spellcasting
 42967 | Vaults:4 | Reached skill level 15 in Dodging
 43033 | Vaults:4 | Reached skill level 14 in Necromancy
 43217 | Vaults:4 | Found a sacrificial altar of Ru.
 43360 | Vaults:4 | Got a warped scale mail
 43625 | Vaults:4 | Reached skill level 15 in Stealth
 43801 | Vaults:4 | Found Siur's Antique Armour Shoppe.
 44606 | Depths:1 | Entered Level 1 of the Depths
 44606 | Depths:1 | Found Geogituw's Antique Armour Shoppe.
 44608 | Depths:1 | Found Cerr's Distillery.
 44623 | Depths:1 | Reached XP level 23. HP: 144/179 MP: 38/42
 44639 | Depths:1 | Noticed the Enchantress
 44650 | Depths:1 | Killed the Enchantress
 44702 | Depths:1 | Got faerie dragon scales
 44722 | Depths:1 | Found Puas's Antique Armour Shoppe.
 44776 | Depths:1 | Found a one-way gate to the infinite horrors of the Abyss.
 45357 | Elf:3    | Bought a book of the Warp for 1800 gold pieces
 45580 | D:8      | Identified the +6 faerie dragon scales {rPois rF+ rC- rN+++ rCorr} (You took it off the Enchantress on level 1 of the Depths)
 45590 | D:8      | Learned a level 8 spell: Controlled Blink
 45775 | Depths:1 | Found Ziul Emes's Armour Boutique.
 45902 | Depths:1 | Noticed Mara
 45908 | Depths:1 | Killed Mara
 46114 | Depths:1 | Found a gateway to Hell.
 46148 | Depths:1 | Found Bukk's Armour Shoppe.
 46165 | Depths:1 | Noticed Saint Roka
 46178 | Depths:1 | Killed Saint Roka
 46178 | Depths:1 | Reached skill level 16 in Invocations
 46703 | Depths:2 | Reached skill level 15 in Fighting
 46703 | Depths:2 | Reached skill level 15 in Short Blades
 46703 | Depths:2 | Reached skill level 15 in Long Blades
 46703 | Depths:2 | Reached skill level 15 in Axes
 46703 | Depths:2 | Reached skill level 15 in Maces & Flails
 46703 | Depths:2 | Reached skill level 15 in Polearms
 46703 | Depths:2 | Reached skill level 15 in Staves
 46703 | Depths:2 | Reached skill level 15 in Slings
 46703 | Depths:2 | Reached skill level 15 in Bows
 46703 | Depths:2 | Reached skill level 15 in Crossbows
 46703 | Depths:2 | Reached skill level 15 in Throwing
 46703 | Depths:2 | Reached skill level 15 in Armour
 46703 | Depths:2 | Reached skill level 15 in Shields
 46703 | Depths:2 | Reached skill level 15 in Unarmed Combat
 46703 | Depths:2 | Reached skill level 15 in Evocations
 46747 | Depths:2 | Reached skill level 13 in Conjurations
 46747 | Depths:2 | Reached skill level 13 in Hexes
 46747 | Depths:2 | Reached skill level 13 in Charms
 46747 | Depths:2 | Reached skill level 13 in Summonings
 46747 | Depths:2 | Reached skill level 13 in Translocations
 46747 | Depths:2 | Reached skill level 13 in Transmutations
 46747 | Depths:2 | Reached skill level 13 in Fire Magic
 46747 | Depths:2 | Reached skill level 13 in Ice Magic
 46747 | Depths:2 | Reached skill level 13 in Air Magic
 46747 | Depths:2 | Reached skill level 13 in Earth Magic
 46747 | Depths:2 | Reached skill level 13 in Poison Magic
 46888 | Depths:2 | Reached XP level 24. HP: 140/188 MP: 42/42
 47336 | Depths:2 | Identified the Grimoire of the Supportive Birds
 47432 | Depths:2 | Found the +7 sceptre of Torment
 47935 | Depths:2 | Reached skill level 16 in Spellcasting
 48459 | Depths:2 | Noticed a juggernaut
 48469 | Depths:2 | Killed a juggernaut
 48510 | Depths:2 | Got a pair of bloodstained boots
 48511 | Depths:2 | Identified the +4 pair of boots "Piysso Juapp" {rF+ Str+3} (You found it on level 2 of the Depths)
 48655 | Depths:3 | Reached skill level 16 in Dodging
 48786 | Depths:3 | Found a gateway to a ziggurat.
 48876 | Depths:3 | Found a runed door.
 48878 | Depths:3 | Noticed a juggernaut
 48884 | Depths:3 | Reached skill level 16 in Stealth
 48960 | Depths:3 | Killed a juggernaut
 49141 | Depths:3 | Found a one-way gate leading to the halls of Pandemonium.
 49178 | Depths:3 | Reached XP level 25. HP: 188/196 MP: 24/43
 49662 | Depths:3 | Reached skill level 17 in Invocations
 49806 | Depths:3 | Reached skill level 15 in Necromancy
 50289 | Depths:4 | Paralysed by a floating eye for 4 turns
 50971 | Depths:4 | Reached skill level 16 in Fighting
 50971 | Depths:4 | Reached skill level 16 in Short Blades
 50971 | Depths:4 | Reached skill level 16 in Long Blades
 50971 | Depths:4 | Reached skill level 16 in Axes
 50971 | Depths:4 | Reached skill level 16 in Maces & Flails
 50971 | Depths:4 | Reached skill level 16 in Polearms
 50971 | Depths:4 | Reached skill level 16 in Staves
 50971 | Depths:4 | Reached skill level 16 in Slings
 50971 | Depths:4 | Reached skill level 16 in Bows
 50971 | Depths:4 | Reached skill level 16 in Crossbows
 50971 | Depths:4 | Reached skill level 16 in Throwing
 50971 | Depths:4 | Reached skill level 16 in Armour
 50971 | Depths:4 | Reached skill level 16 in Shields
 50971 | Depths:4 | Reached skill level 16 in Unarmed Combat
 50971 | Depths:4 | Reached skill level 16 in Evocations
 51021 | Depths:4 | Noticed Mennas
 51055 | Depths:4 | HP: 47/197 [Mennas/eudemon blade of holy wrath (13)]
 51056 | Depths:4 | Killed Mennas
 51291 | Depths:5 | Entered Level 5 of the Depths
 51381 | Depths:5 | Found a gate to the Realm of Zot.
 51702 | Depths:5 | Found Nunaen's Assorted Antiques.
 51792 | Depths:5 | Noticed a juggernaut
 51958 | Depths:5 | Reached skill level 14 in Conjurations
 51958 | Depths:5 | Reached skill level 14 in Hexes
 51958 | Depths:5 | Reached skill level 14 in Charms
 51958 | Depths:5 | Reached skill level 14 in Summonings
 51958 | Depths:5 | Reached skill level 14 in Translocations
 51958 | Depths:5 | Reached skill level 14 in Transmutations
 51958 | Depths:5 | Reached skill level 14 in Fire Magic
 51958 | Depths:5 | Reached skill level 14 in Ice Magic
 51958 | Depths:5 | Reached skill level 14 in Air Magic
 51958 | Depths:5 | Reached skill level 14 in Earth Magic
 51958 | Depths:5 | Reached skill level 14 in Poison Magic
 52049 | Depths:5 | Killed a juggernaut
 52234 | Depths:5 | Reached XP level 26. HP: 205/205 MP: 32/43
 53584 | Vaults:5 | Entered Level 5 of the Vaults
 53728 | Vaults:5 | Reached skill level 17 in Spellcasting
 53763 | Vaults:5 | HP: 50/206 [something (10)]
 53790 | Vaults:5 | Noticed bmj180's ghost (veteran MiFi)
 53949 | Vaults:5 | Reached skill level 17 in Dodging
 53993 | Vaults:4 | Reached skill level 17 in Stealth
 54520 | Vaults:5 | Reached skill level 18 in Invocations
 54575 | Vaults:5 | Killed bmj180's ghost
 54658 | Vaults:5 | Found Ranguskahac's Distillery.
 54658 | Vaults:5 | Found Madys's Food Shop.
 54679 | Vaults:5 | Found Jamumell's Magic Scroll Shop.
 54691 | Vaults:5 | Found Hofrahaz's Food Shoppe.
 54691 | Vaults:5 | Found Heewn's Distillery.
 54694 | Vaults:5 | Found Joem's Food Shop.
 54724 | Vaults:5 | Found Haneguxt's Distillery.
 54735 | Vaults:5 | Found Oran's Food Boutique.
 54888 | Vaults:5 | Got a silver rune of Zot
 55118 | Vaults:5 | Reached skill level 17 in Bows
 56042 | Slime:1  | Entered Level 1 of the Pits of Slime
 56058 | Slime:1  | Reached XP level 27. HP: 202/213 MP: 27/44
 56760 | Slime:2  | Lost mutation: Your body sometimes deteriorates upon taking damage. [potion of mutation]
 56760 | Slime:2  | Gained mutation: Your mind is acute. (Int +2) [potion of mutation]
 56760 | Slime:2  | Gained mutation: You are covered in fur. (AC +1) [potion of mutation]
 57131 | Slime:2  | HP: 50/213 [acid (15)]
 57333 | Slime:1  | Reached skill level 17 in Fighting
 57333 | Slime:1  | Reached skill level 17 in Short Blades
 57333 | Slime:1  | Reached skill level 17 in Long Blades
 57333 | Slime:1  | Reached skill level 17 in Axes
 57333 | Slime:1  | Reached skill level 17 in Maces & Flails
 57333 | Slime:1  | Reached skill level 17 in Polearms
 57333 | Slime:1  | Reached skill level 17 in Staves
 57333 | Slime:1  | Reached skill level 17 in Slings
 57333 | Slime:1  | Reached skill level 17 in Crossbows
 57333 | Slime:1  | Reached skill level 17 in Throwing
 57333 | Slime:1  | Reached skill level 17 in Armour
 57333 | Slime:1  | Reached skill level 17 in Shields
 57333 | Slime:1  | Reached skill level 17 in Unarmed Combat
 57333 | Slime:1  | Reached skill level 17 in Evocations
 57735 | Slime:3  | Gained mutation: You are frail. (-10% HP) [a shining eye]
 57902 | Slime:3  | Gained mutation: You are clumsy. (Dex -2) [a shining eye]
 58128 | Slime:3  | Found a viscous altar of Jiyva.
 58678 | Slime:4  | Reached skill level 16 in Necromancy
 59277 | Slime:5  | Entered Level 5 of the Pits of Slime
 59327 | Slime:5  | HP: 41/192 [cloud of freezing vapour (13)]
 59483 | Slime:5  | Gained mutation: Scrolls take you a little longer to read. [a shining eye]
 59835 | Slime:5  | Noticed the Royal Jelly
 59848 | Slime:5  | HP: 44/193 [acid (79)]
 59862 | Slime:5  | NormalPerson7: you should probably have left a while ago...
 59862 | Slime:5  | shakethe: lol
 59862 | Slime:5  | shakethe: hes going down
 59990 | Slime:5  | Found a viscous altar of Jiyva.
 60036 | Slime:5  | shakethe: i guess i need some summons for that
 60045 | Slime:4  | nublet: how much evo you got?
 60045 | D:8      | shakethe: pretty high i guess im gnol
 60045 | Slime:4  | nublet: got a polymorph wand?
 60045 | Slime:4  | shakethe: yeah
 60045 | Slime:4  | nublet: maybe you can do the ?vuln polymorph trick
 60045 | Slime:4  | shakethe: but he spawns shitton of adds then doesnt he
 60045 | Slime:4  | nublet: sometimes
 60092 | Lair:6   | nublet: but then no more
 60099 | D:8      | shakethe: ill just get some summons
 60216 | D:8      | shakethe: or orb
 60216 | D:8      | shakethe: yeah orb willb e best
 60216 | D:8      | NormalPerson7: bolt spells are better tbh
 60216 | D:8      | shakethe: easier to kite with bolt
 60216 | D:8      | shakethe: ball
 60216 | D:8      | NormalPerson7: for trj at least, cos they'll penetrate
 60216 | D:8      | shakethe: i mean
 60216 | D:8      | shakethe: yeah but i need range
 60216 | D:8      | NormalPerson7: ye but why are you kiting at all?
 60216 | D:8      | shakethe: cuz he hits me for 90
 60216 | D:8      | shakethe: how do u wanna do this ?
 60216 | D:8      | NormalPerson7: i would have already memorised bolt of drain probably, but idk what now
 60216 | D:8      | shakethe: i dont have drain
 60216 | D:8      | shakethe: bolt
 60216 | D:8      | NormalPerson7: the polymorph trick is good if you stand on a stair
 60216 | D:8      | shakethe: no book
 60216 | D:8      | NormalPerson7: on L
 60216 | D:8      | shakethe: oh
 60216 | D:8      | shakethe: yeah well
 60216 | D:8      | shakethe: i'll try with ball
 60224 | D:8      | Learned a level 7 spell: Orb of Destruction
 60228 | D:8      | NormalPerson7: i mean ood is a really good spell anyway, so there isn't much harm in learning it
 60444 | Slime:5  | NormalPerson7: you have rcorr, right?
 60445 | Slime:5  | shakethe: nope
 60445 | Slime:5  | NormalPerson7: no? why not quaff resistance?
 60445 | Slime:5  | shakethe: for what
 60445 | Slime:5  | NormalPerson7: for rcorr
 60445 | Slime:5  | shakethe: im trying not to get hit
 60445 | Slime:5  | NormalPerson7: ye well it's the acid blobs i'm worried about
 60445 | Slime:5  | shakethe: yeah
 60445 | Slime:5  | shakethe: i will just blnik if it gets too hot
 60445 | Slime:5  | shakethe: or quaff a cancel
 60445 | Slime:5  | NormalPerson7: i guess you have dmsl so it's not so bad
 60445 | Slime:5  | NormalPerson7: nvm
 60445 | Slime:5  | shakethe: i need sublimation
 60445 | Slime:5  | shakethe: i guess
 60445 | Slime:5  | shakethe: cuz im out of fucking mana already
 60447 | Slime:5  | NormalPerson7: channel while you wait
 60447 | Slime:5  | NormalPerson7: and/or slouch
 60453 | Slime:5  | shakethe: if i had relec
 60453 | Slime:5  | shakethe: i would just fuckign blow them up
 60453 | Slime:5  | shakethe: with ball
 60453 | Slime:5  | shakethe: but i dont have
 60453 | Slime:5  | NormalPerson7: oh cbl
 60453 | Slime:5  | NormalPerson7: no staff of air?
 60453 | Slime:5  | shakethe: yeah but i dont have relec
 60453 | Slime:5  | shakethe: i mean not on me i will go get it i think
 60453 | Slime:5  | shakethe: before next try
 60453 | Slime:5  | nublet: no statue?
 60453 | Slime:5  | NormalPerson7: ye that would've been good
 60453 | Slime:5  | shakethe: cuz i have to bail out of this
 60453 | Slime:5  | NormalPerson7: well
 60453 | Slime:5  | shakethe: -8 already
 60453 | Slime:5  | NormalPerson7: you can quaff mp and slouch them all to death quite easily
 60453 | Slime:5  | shakethe: yeah maybe
 60453 | Slime:5  | shakethe: lets try one more slouch
 60454 | Slime:5  | NormalPerson7: ye you only need 1 more i think
 60454 | Slime:5  | shakethe: yeah but i dont wanna waste fucking mana potions on jelly
 60454 | Slime:5  | NormalPerson7: blink (spell or scroll) then channel?
 60454 | Slime:5  | shakethe: yeah i have only 8
 60454 | Slime:5  | NormalPerson7: you need 1 more mp
 60454 | Slime:5  | NormalPerson7: just channel here maybe
 60454 | Slime:5  | shakethe: ill get some summons maybe
 60454 | Slime:5  | shakethe: so he cant get close
 60454 | Slime:5  | NormalPerson7: phial then
 60455 | Slime:5  | NormalPerson7: well that's good too
 60455 | Slime:5  | NormalPerson7: hw?
 60455 | Slime:5  | shakethe: well i gotta blink
 60455 | Slime:5  | shakethe: or im dead
 60455 | Slime:5  | NormalPerson7: ye that works too
 60455 | Slime:5  | shakethe: oh imd ead actually
 60455 | Slime:5  | shakethe: i have this fucking mutation
 60455 | Slime:5  | nublet: 8 is a lot
 60455 | Slime:5  | shakethe: this is terrible
 60455 | Slime:5  | NormalPerson7: do you?
 60455 | Slime:5  | NormalPerson7: show A
 60455 | Slime:5  | shakethe: yeah
 60455 | Slime:5  | nublet: don't worry about the scrolls, you have the spell
 60455 | Slime:5  | shakethe: ye im quaffing magic
 60455 | Slime:5  | NormalPerson7: blink spell is risky though
 60455 | Slime:5  | shakethe: this is way too risky
 60455 | Slime:5  | nublet: yeah
 60455 | Slime:5  | nublet: use the scroll i mean
 60455 | Slime:5  | NormalPerson7: hw or mp work here
 60455 | Slime:5  | shakethe: maybe invis first?
 60455 | Slime:5  | NormalPerson7: no
 60455 | Slime:5  | NormalPerson7: they all see invis
 60455 | Slime:5  | shakethe: i cant use the scroll i have slow mutation
 60455 | Slime:5  | nublet: oh
 60455 | Slime:5  | shakethe: im dead if i read it
 60455 | Slime:5  | NormalPerson7: show A pls
 60455 | Slime:5  | NormalPerson7: well it's 0.5 turns
 60455 | Slime:5  | NormalPerson7: that's not much
 60455 | Slime:5  | shakethe: last turn i got 58 dmg
 60455 | Slime:5  | shakethe: now theres 1 more mob
 60455 | Slime:5  | shakethe: i can die
 60455 | Slime:5  | NormalPerson7: bottom right would be where you blink to
 60455 | Slime:5  | shakethe: i think i can die if i blink
 60455 | Slime:5  | shakethe: quaff and slouch?
 60455 | Slime:5  | NormalPerson7: well you're more likely to die by quaffing
 60455 | Slime:5  | NormalPerson7: cos reading is 0.5 staying here, quaffing is 1 turn staying here
 60456 | Slime:5  | HP: 44/193 [acid[the Royal Jelly] (10)]
 60456 | Slime:5  | HP: 15/193 [acid blob[the Royal Jelly] (29)]
 60457 | Slime:5  | NormalPerson7: wow see
 60457 | Slime:5  | shakethe: holy fuck
 60457 | Slime:5  | NormalPerson7: you would've been dead with another 0.5 staying there
 60457 | Slime:5  | NormalPerson7: hw
 60457 | Slime:5  | shakethe: yeap
 60457 | Slime:5  | shakethe: hw now
 60458 | Slime:5  | NormalPerson7: again
 60459 | Slime:5  | NormalPerson7: well now you just slouch them
 60460 | Slime:5  | NormalPerson7: no
 60460 | Slime:5  | NormalPerson7: slouch
 60461 | Slime:5  | NormalPerson7: not freezing cloud, slouch
 60463 | Slime:5  | shakethe: omfg why is he still alive
 60464 | Slime:5  | NormalPerson7: slouch again, until they all die
 60464 | Slime:5  | NormalPerson7: not xloud
 60464 | Slime:5  | NormalPerson7: slouch is better
 60464 | Slime:5  | Killed the Royal Jelly
 60465 | Slime:5  | nublet: ded
 60465 | Slime:5  | shakethe: hes gone
 60465 | Slime:5  | nublet: now blink again i'd say
 60465 | Slime:5  | NormalPerson7: keep slouching
 60465 | Slime:5  | NormalPerson7: you have at least 3 slouches
 60467 | Slime:5  | NormalPerson7: and they will all die in 3 slouches...
 60467 | Slime:5  | HP: 47/193 [acid[the Royal Jelly] (7)]
 60472 | Slime:5  | NormalPerson7: *unnecessarily uses 2 blink scrolls*
 60475 | Slime:4  | nublet: he has the spell
 60476 | Slime:4  | NormalPerson7: oh ok nvm
 60476 | Slime:4  | NormalPerson7: fair enough then
 60483 | Slime:4  | nublet: the scrolls will be much less useful after this
 60591 | Slime:5  | nublet: once the spell is fully online
 60594 | Slime:5  | NormalPerson7: that was harder than it needed to be anyhow
 60595 | Slime:5  | NormalPerson7: gl for the rest :D
 60727 | Slime:5  | Found the +10 Black Knight's horse barding {ponderous, rPois rN+}
 60740 | Slime:5  | Got a slimy rune of Zot
 60795 | Slime:5  | Identified the ring of Gusall {rCorr rElec} (You found it on level 5 of the Pits of Slime)
 60795 | Slime:5  | nublet: haha
 60795 | Slime:5  | nublet: trololol
 60795 | Slime:5  | shakethe: well
 60795 | Slime:5  | shakethe: bit too late
 60795 | Slime:5  | shakethe: haha
 60849 | Slime:5  | Identified the Tome of Earthen Augmentations
 60895 | Slime:5  | Identified the ring of Hyolle {rPois Int+3 Dex+3} (You found it on level 5 of the Pits of Slime)
 60908 | Slime:5  | Identified the amulet "Kiji Oto" {Gourm MP+9} (You found it on level 5 of the Pits of Slime)
 60911 | Slime:5  | Identified the amulet of Ittet {+Rage Int+2} (You found it on level 5 of the Pits of Slime)
 60984 | Slime:5  | Learned a level 2 spell: Sublimation of Blood
 61063 | Slime:5  | Lost mutation: Scrolls take you a little longer to read. [potion of mutation]
 61063 | Slime:5  | Lost mutation: You are frail. (-10% HP) [potion of mutation]
 61063 | Slime:5  | Lost mutation: You are covered in fur. (AC +1) [potion of mutation]
 61063 | Slime:5  | Gained mutation: Your magical capacity is low. (-10% MP) [potion of mutation]
 61063 | Slime:5  | Gained mutation: You have a pair of small horns on your head. [potion of mutation]
 61063 | Slime:5  | Gained mutation: You possess an exceptional clarity of mind. [potion of mutation]
 61591 | Zot:1    | Entered Level 1 of the Realm of Zot
 61598 | Zot:1    | Reached skill level 18 in Bows
 61722 | Zot:1    | Reached skill level 15 in Conjurations
 61722 | Zot:1    | Reached skill level 15 in Hexes
 61722 | Zot:1    | Reached skill level 15 in Charms
 61722 | Zot:1    | Reached skill level 15 in Summonings
 61722 | Zot:1    | Reached skill level 15 in Translocations
 61722 | Zot:1    | Reached skill level 15 in Transmutations
 61722 | Zot:1    | Reached skill level 15 in Fire Magic
 61722 | Zot:1    | Reached skill level 15 in Ice Magic
 61722 | Zot:1    | Reached skill level 15 in Air Magic
 61722 | Zot:1    | Reached skill level 15 in Earth Magic
 61722 | Zot:1    | Reached skill level 15 in Poison Magic
 61971 | Zot:1    | Reached skill level 18 in Spellcasting
 62343 | Zot:1    | Reached skill level 18 in Dodging
 62618 | Zot:2    | Reached skill level 18 in Stealth
 62626 | Zot:2    | shakethe: i probably should get some lvl 9 at this point
 62657 | Zot:2    | Noticed an orb of fire
 62678 | Zot:2    | Reached skill level 19 in Invocations
 62697 | Zot:2    | HP: 54/216 [something (8)]
 62905 | Zot:2    | HP: 39/216 [death cob (26)]
 63047 | Zot:2    | Noticed an orb of fire
 63127 | Zot:2    | shakethe: how do i kill fucking orbs
 63204 | Zot:2    | Gained mutation: You are frail. (-10% HP) [an orb of fire]
 63210 | Zot:2    | Gained mutation: Your mind is very acute. (Int +4) [an orb of fire]
 63214 | Zot:2    | Killed an orb of fire
 63214 | Zot:2    | Reached skill level 19 in Bows
 63933 | Slime:5  | Learned a level 6 spell: Shadow Creatures
 64740 | Zot:2    | Killed an orb of fire
 64746 | Zot:2    | shakethe: ok i guess thats how
 65312 | Zot:3    | Reached skill level 18 in Fighting
 65312 | Zot:3    | Reached skill level 18 in Short Blades
 65312 | Zot:3    | Reached skill level 18 in Long Blades
 65312 | Zot:3    | Reached skill level 18 in Axes
 65312 | Zot:3    | Reached skill level 18 in Maces & Flails
 65312 | Zot:3    | Reached skill level 18 in Polearms
 65312 | Zot:3    | Reached skill level 18 in Staves
 65312 | Zot:3    | Reached skill level 18 in Slings
 65312 | Zot:3    | Reached skill level 18 in Crossbows
 65312 | Zot:3    | Reached skill level 18 in Throwing
 65312 | Zot:3    | Reached skill level 18 in Armour
 65312 | Zot:3    | Reached skill level 18 in Shields
 65312 | Zot:3    | Reached skill level 18 in Unarmed Combat
 65312 | Zot:3    | Reached skill level 18 in Evocations
 65497 | Zot:3    | Noticed an orb of fire
 65511 | Zot:3    | Killed an orb of fire
 65512 | Zot:3    | shakethe: haha
 65512 | Zot:3    | shakethe: berserked golden dragon
 65512 | Zot:3    | shakethe: oneshotting orb
 65515 | Zot:3    | nublet: seeing orbs suffer is always good
 65603 | Zot:3    | nublet: btw if you want to finish, you may as well replace Cblink if you haven't done it already
 65605 | Zot:3    | shakethe: im goin for 15
 65605 | Zot:3    | nublet: oh ok
 65605 | Zot:3    | nublet: only for exp then?
 65605 | Zot:3    | shakethe: yeah
 65605 | Zot:3    | shakethe: im gonna go abyss and pand after this
 65605 | Zot:3    | nublet: cool
 65605 | Zot:3    | shakethe: still thinking about switching to zin now
 65605 | Zot:3    | shakethe: but probably too low invocations still
 65605 | Zot:3    | shakethe: to replace chei bonus
 65605 | Zot:3    | shakethe: yeah 19 is
 65605 | Zot:3    | shakethe: what, 6 bonus stats
 65605 | Zot:3    | shakethe: and i cant cast lvl 9 yet
 65605 | Zot:3    | shakethe: with 15
 65605 | Zot:3    | nublet: I'd stay with chei
 66107 | Zot:3    | Noticed an orb of fire
 66108 | Zot:3    | shakethe: nice fucking trap
 66108 | Zot:3    | shakethe: chei sucks
 66108 | Zot:3    | shakethe: tbh
 66108 | Zot:3    | shakethe: in extended
 66108 | Zot:3    | shakethe: its good for getting spells online early
 66108 | Zot:3    | nublet: i disagree with that, but each to their own
 66108 | Zot:3    | shakethe: and thats it
 66108 | Zot:3    | shakethe: hm
 66108 | Zot:3    | shakethe: i mean when u get firestorm
 66108 | Zot:3    | shakethe: and shatter
 66108 | Zot:3    | shakethe: and high invocations
 66108 | Zot:3    | shakethe: zin is just 5 stats less
 66108 | Zot:3    | shakethe: resist mutation
 66108 | Zot:3    | shakethe: and recite is fucking op
 66108 | Zot:3    | shakethe: and ur not slow anymore
 66108 | Zot:3    | shakethe: so i cant see where chei is better then zin at that point?
 66108 | Zot:3    | nublet: maybe
 66108 | Zot:3    | nublet: chei allows statue
 66108 | Zot:3    | nublet: so there's that
 66108 | Zot:3    | shakethe: what u need statue for
 66108 | Zot:3    | nublet: half torment damage for starters
 66108 | Zot:3    | shakethe: when u have firestorm
 66108 | Zot:3    | shakethe: and cblink
 66108 | Zot:3    | shakethe: ?
 66108 | Zot:3    | shakethe: u just spam firestorm till 8 and blink out
 66108 | Zot:3    | shakethe: and repeat
 66108 | Zot:3    | shakethe: :D
 66108 | Zot:3    | nublet: then again, you can do that with chei too :D
 66108 | Zot:3    | shakethe: yeah but ure not resistant to mutations u cant confuse whole crowds
 66108 | Zot:3    | nublet: true
 66108 | Zot:3    | nublet: mutations suck
 66108 | Zot:3    | shakethe: yeah
 66108 | Zot:3    | shakethe: i fucking hate this aspect
 66108 | Zot:3    | nublet: i still have fond memories of 3-shotting hell lords with chei statue
 66120 | Zot:3    | shakethe: unarmed right?
 66120 | Zot:3    | nublet: yep
 66120 | Zot:3    | nublet: now it's nerfed
 66120 | Zot:3    | nublet: but still strong they say
 66120 | Zot:3    | shakethe: yeah ive seen experienced guys go for it in extended pretty much every time
 66120 | Zot:3    | nublet: it's really good for speedruns
 66125 | Zot:3    | Turgon: Well, statue form is more or less default when you do extended (for most chars)
 66125 | Zot:3    | shakethe: fucking orb
 66125 | Zot:3    | shakethe: ive done extended with firestorm + blink
 66125 | Zot:3    | shakethe: last time ive reached it
 66125 | Zot:3    | shakethe: and it was a blast
 66125 | Zot:3    | shakethe: just spam firestorm and blink out
 66125 | Zot:3    | shakethe: and repeat :D
 66125 | Zot:3    | shakethe: nothing can even touch u
 66125 | Zot:3    | Turgon: yes, a pure caster won't need statue
 66125 | Zot:3    | shakethe: yeah this fucking orb
 66125 | Zot:3    | shakethe: obliterated my summons
 66125 | Zot:3    | nublet: can you abjure?
 66125 | Zot:3    | nublet: aura of abjuration
 66125 | Zot:3    | shakethe: nope
 66125 | Zot:3    | shakethe: theres a fucking zot trap
 66125 | Zot:3    | shakethe: where monstrosity standing
 66125 | Zot:3    | nublet: you can prob use unarmed now
 66125 | Zot:3    | nublet: you have like 18 skill right
 66125 | Zot:3    | shakethe: yeah but im gonna get mutated as fuck
 66125 | Zot:3    | shakethe: oh great i left my digging
 66125 | Zot:3    | shakethe: somewhere
 66125 | Zot:3    | shakethe: :D
 66130 | Zot:3    | shakethe: ok dragon will rape it
 66130 | Zot:3    | shakethe: no problem
 66131 | Zot:3    | Gained mutation: You are very frail. (-20% HP) [an orb of fire]
 66134 | Zot:3    | shakethe: yeah wow -20
 66134 | Zot:3    | nublet: that sucks :|
 66140 | Zot:3    | shakethe: one fucking round
 66149 | Zot:3    | shakethe: im gonna switch to zin soon im tired of this
 66173 | Zot:3    | shakethe: i only have 7 pots thou
 66300 | Zot:3    | shakethe: and i cant switch to unarmed i have low mr and weapon is giving me it
 66300 | Zot:3    | nublet: ok
 66602 | Zot:3    | shakethe: well 2 more levels
 66735 | Zot:4    | HP: 39/173 [death drake][a red draconian stormcaller] (6)]
 66743 | Zot:4    | HP: 43/174 [poisoned by a death drake (dark miasma)]
 66748 | Zot:4    | HP: 42/174 [poisoned by a death drake (dark miasma)]
 66931 | Zot:4    | Reached skill level 17 in Necromancy
 66952 | Zot:4    | HP: 43/175 [poisoned by a golden dragon (poison gas)]
 66957 | Zot:4    | HP: 43/175 [poisoned by a golden dragon (poison gas)]
 67103 | Zot:4    | Identified the ring "Vussaqar" {+Fly MR+} (You took it off a yellow draconian on level 4 of the Realm of Zot)
 67617 | Zot:5    | Entered Level 5 of the Realm of Zot
 67746 | Zot:5    | shakethe: are there like
 67746 | Zot:5    | shakethe: more oof on zot 5?
 67746 | Zot:5    | shakethe: or not necessarily
 67793 | Zot:5    | Reached skill level 20 in Bows
 68025 | Zot:5    | Reached skill level 19 in Spellcasting
 68029 | Zot:5    | Reached skill level 16 in Conjurations
 68029 | Zot:5    | Reached skill level 16 in Hexes
 68029 | Zot:5    | Reached skill level 16 in Charms
 68029 | Zot:5    | Reached skill level 16 in Summonings
 68029 | Zot:5    | Reached skill level 16 in Translocations
 68029 | Zot:5    | Reached skill level 16 in Transmutations
 68029 | Zot:5    | Reached skill level 16 in Fire Magic
 68029 | Zot:5    | Reached skill level 16 in Ice Magic
 68029 | Zot:5    | Reached skill level 16 in Air Magic
 68029 | Zot:5    | Reached skill level 16 in Earth Magic
 68029 | Zot:5    | Reached skill level 16 in Poison Magic
 68121 | Zot:5    | shakethe: and also nublet about that zin swith
 68121 | Zot:5    | shakethe: u get haste pots and swiftness
 68121 | Zot:5    | shakethe: thats another plus
 68271 | Zot:5    | shakethe: theres a +9 golden dragon with mr
 68271 | Zot:5    | shakethe: in shop
 68271 | Zot:5    | shakethe: but 5k :D
 68404 | Zot:5    | Noticed an orb of fire
 68417 | Zot:5    | Reached skill level 19 in Dodging
 68432 | Zot:5    | Reached skill level 20 in Invocations
 68437 | Zot:5    | Noticed an orb of fire
 68437 | Zot:5    | shakethe: whoops
 68440 | Zot:5    | shakethe: well that didnt fucking help much
 68441 | Zot:5    | shakethe: wow.
 68442 | Zot:5    | Noticed an orb of fire
 68442 | Zot:5    | shakethe: OH GOD
 68442 | Zot:5    | Gained mutation: You expend magic power (3 MP) to strengthen your wands. [an orb of fire]
 68443 | Zot:5    | Noticed an ancient lich
 68444 | Zot:5    | Gained mutation: Armour fits poorly on your strangely shaped body. [an orb of fire]
 68448 | Zot:5    | Gained mutation: You are very clumsy. (Dex -4) [an orb of fire]
 68450 | Zot:5    | Gained mutation: Potions are less effective at restoring your health. [an orb of fire]
 68477 | Zot:5    | HP: 35/175 [orb of fire/bolt of fire (30)]
 68479 | Zot:5    | Lost mutation: Your mind is very acute. (Int +4) [an orb of fire]
 68481 | Zot:5    | Gained mutation: Your body sometimes deteriorates upon taking damage. [an orb of fire]
 68495 | Zot:5    | Was placed under penance by Cheibriados
 68510 | Zot:5    | Killed an orb of fire
 68518 | Zot:5    | Was forgiven by Cheibriados
 68520 | Zot:5    | HP: 34/175 [golden dragon (22)]
 68524 | Zot:5    | Reached skill level 19 in Stealth
 68617 | Zot:5    | Noticed an orb of fire
 69309 | Swamp:2  | Fell from the grace of Cheibriados
 69309 | Swamp:2  | Became a worshipper of Zin the Law-Giver
 69309 | Swamp:2  | Reached * piety under Zin
 69309 | Swamp:2  | Reached ** piety under Zin
 69749 | Crypt:1  | Entered Level 1 of the Crypt
 69753 | Crypt:1  | Noticed Khufu
 69756 | Crypt:1  | Noticed a greater mummy
 69759 | Crypt:1  | HP: 40/175 [??? (20)]
 69760 | Crypt:1  | shakethe: oops
 69760 | Crypt:1  | shakethe: fucking khufu and greater mumy
 69760 | Crypt:1  | HP: 19/175 [??? (8)]
 70106 | Depths:1 | Voluntarily entered the Abyss.
 70316 | Abyss:1  | Reached *** piety under Zin
 70550 | Abyss:1  | HP: 34/175 [daeva/divine providence (17)]
 70559 | Abyss:1  | Found a blossoming altar of Fedhas.
 70566 | Abyss:1  | HP: 38/175 [disintegration (35)]
 70575 | Abyss:1  | HP: 40/175 [disintegration (8)]
 70580 | Abyss:1  | HP: 29/176 [daeva/divine providence (15)]
 70585 | Abyss:1  | HP: 31/176 [small abomination (8)]
 70598 | Abyss:2  | nublet: huh
 70600 | Abyss:2  | shakethe: yeah problematic :D
 70600 | Abyss:2  | Gained mutation: Your flesh is cold resistant. (rC+) [mutagenic glow]
 70623 | Abyss:2  | HP: 41/176 [raiju/living lightning (6)]
 70633 | Abyss:2  | HP: 36/176 [raiju/living lightning (5)]
 70636 | Abyss:2  | shakethe: yeah im too weak for that obviously
 70636 | Abyss:2  | shakethe: either switch to melee
 70636 | Abyss:2  | shakethe: or i dunno
 70636 | Abyss:2  | shakethe: need to get out of here first
 70636 | Abyss:2  | nublet: right now, i'd blink to the top right corner and heal
 70636 | Abyss:2  | shakethe: yeah
 70800 | Abyss:2  | nublet: don't use the staff for combat
 70844 | Abyss:2  | shakethe: oh lol my keybindings
 70849 | Abyss:2  | nublet: i'd use unarmed unless you desperately need MR
 70849 | Abyss:2  | shakethe: i was wondering why im doing no damage
 70867 | Abyss:2  | nublet: yeah eudemon can work too
 70874 | Abyss:2  | shakethe: yeah much better now
 70923 | Abyss:2  | Paralysed by accursed screaming for 1 turns
 70924 | Abyss:2  | shakethe: i still have too little defenses
 70924 | Abyss:2  | shakethe: to survive here
 70924 | Abyss:2  | HP: 40/176 [starcursed mass/accursed screaming (6)]
 70929 | Abyss:2  | HP: 19/176 [starcursed mass/accursed screaming (12)]
 70933 | Abyss:2  | shakethe: ohhhh
 70933 | Abyss:2  | shakethe: thats it
 70933 | Abyss:2  | nublet: quaff heals
 70933 | Abyss:2  | nublet: if you have
 70933 | Abyss:2  | shakethe: im out of
 70933 | Abyss:2  | nublet: blast him with spells?
 70933 | Abyss:2  | shakethe: block los and ambrosia
 70933 | Abyss:2  | shakethe: maybe
 70933 | Abyss:2  | nublet: that may work
 70933 | Abyss:2  | shakethe: he has mystic blast
 70933 | Abyss:2  | shakethe: thou
 70933 | Abyss:2  | nublet: do you have imprison?
 70933 | Abyss:2  | nublet: or too low piety?
 70933 | Abyss:2  | shakethe: im jsut gonna
 70933 | Abyss:2  | shakethe: block his los
 70933 | Abyss:2  | shakethe: and drink ambros
 70933 | Abyss:2  | shakethe: he cant mystic
 70933 | Abyss:2  | shakethe: its not smite
 70933 | Abyss:2  | nublet: ok
 70933 | Abyss:2  | shakethe: aoe can hit me
 70933 | Abyss:2  | shakethe: but well
 70933 | Abyss:2  | shakethe: gonna give it a go
 70952 | Abyss:2  | HP: 40/176 [starcursed mass/accursed screaming (7)]
 70954 | Abyss:2  | nublet: rest here i'd say
 70954 | Abyss:2  | shakethe: i need to get the fuck out
 70954 | Abyss:2  | nublet: so you can't get surrounded
 71116 | Abyss:2  | shakethe: well
 71116 | Abyss:2  | nublet: ok that's better
 71116 | Abyss:2  | shakethe: progression is kinda fucked i cant go into crypt
 71116 | Abyss:2  | shakethe: i have to go hells or pand
 71116 | Abyss:2  | nublet: why not?
 71116 | Abyss:2  | nublet: khufu?
 71116 | Abyss:2  | shakethe: khufu and greater mummy
 71116 | Abyss:2  | shakethe: at entrance
 71116 | Abyss:2  | nublet: you have dispersal?
 71116 | Abyss:2  | shakethe: yeah
 71117 | Abyss:2  | nublet: you can get them up one by one and kill em
 71133 | Abyss:2  | nublet: if things go bad use dispersal and get up
 71185 | Abyss:3  | shakethe: omfg
 71185 | Abyss:3  | shakethe: and it pull me into 3
 71189 | Abyss:3  | nublet: miscast
 71330 | Abyss:3  | shakethe: go for the rune or go out :D
 71330 | Abyss:3  | shakethe: im pretty fucking weak
 71343 | Abyss:3  | shakethe: ok its the rune it hink
 71343 | Abyss:3  | nublet: i'm not sure
 71343 | Abyss:3  | nublet: there are purple tiles with 4 squares usually
 71343 | Abyss:3  | nublet: when it's the rune
 71343 | Abyss:3  | shakethe: so many items then ?
 71343 | Abyss:3  | nublet: maybe maybe not
 71349 | Abyss:3  | nublet: you can explore a little
 71380 | Abyss:3  | nublet: it may be just a treasure vault
 71380 | Abyss:3  | shakethe: its 100 % vault
 71395 | Abyss:3  | shakethe: yeah wow i dont have fucking digging
 71458 | Abyss:3  | Reached **** piety under Zin
 71722 | Abyss:3  | shakethe: oh holy fuck
 71722 | Abyss:3  | shakethe: what is it
 71762 | Abyss:3  | Found a deep blue altar of Sif Muna.
 71766 | Abyss:3  | HP: 44/176 [orc high priest/divine providence (13)]
 71774 | Abyss:3  | HP: 44/176 [deep elf mage/bolt of lightning (6)]
 71784 | Abyss:3  | HP: 41/176 [deep elf mage/bolt of lightning (9)]
 71790 | Abyss:3  | HP: 31/176 [orc high priest/divine providence (13)]
 71795 | Abyss:3  | Blown up by an eye of devastation

Skill      XL: |  1  2  3  4  5  6  7  8  9 10 11 12 13 14 15 16 17 18 19 20 21 22 23 24 25 26 27 |
---------------+----------------------------------------------------------------------------------+-----
Spellcasting   | 5 6 7 8 9 10 11 12 13 14 15 16 17 19 | 19.4
Invocations    | 1 2 3 4 5 6 7 8 9 10 11 12 13 14 15 16 17 18 20 | 20.3
Fighting       | 1 2 3 4 5 6 7 8 9 10 11 12 13 14 15 16 18 | 18.9
Short Blades   | 1 2 3 4 5 6 7 8 9 10 11 12 13 14 15 16 18 | 18.9
Long Blades    | 1 2 3 4 5 6 7 8 9 10 11 12 13 14 15 16 18 | 18.9
Axes           | 1 2 3 4 5 6 7 8 9 10 11 12 13 14 15 16 18 | 18.9
Maces & Flails | 1 2 3 4 5 6 7 8 9 10 11 12 13 14 15 16 18 | 18.9
Polearms       | 1 2 3 4 5 6 7 8 9 10 11 12 13 14 15 16 18 | 18.9
Staves         | 1 2 3 4 5 6 7 8 9 10 11 12 13 14 15 16 18 | 18.9
Slings         | 1 2 3 4 5 6 7 8 9 10 11 12 13 14 15 16 18 | 18.9
Bows           | 1 2 3 4 5 6 7 8 9 10 11 12 13 14 15 16 17 20 | 20.8
Crossbows      | 1 2 3 4 5 6 7 8 9 10 11 12 13 14 15 16 18 | 18.9
Throwing       | 1 2 3 4 5 6 7 8 9 10 11 12 13 14 15 16 18 | 18.9
Armour         | 1 2 3 4 5 6 7 8 9 10 11 12 13 14 15 16 18 | 18.9
Shields        | 1 2 3 4 5 6 7 8 9 10 11 12 13 14 15 16 18 | 18.9
Unarmed Combat | 1 2 3 4 5 6 7 8 9 10 11 12 13 14 15 16 18 | 18.9
Evocations     | 1 2 3 4 5 6 7 8 9 10 11 12 13 14 15 16 18 | 18.9
Conjurations   | 1 2 3 4 5 6 7 8 9 10 11 12 13 14 16 | 16.3
Hexes          | 1 2 3 4 5 6 7 8 9 10 11 12 13 14 16 | 16.3
Charms         | 1 2 3 4 5 6 7 8 9 10 11 12 13 14 16 | 16.3
Summonings     | 1 2 3 4 5 6 7 8 9 10 11 12 13 14 16 | 16.3
Translocations | 1 2 3 4 5 6 7 8 9 10 11 12 13 14 16 | 16.3
Transmutations | 1 2 3 4 5 6 7 8 9 10 11 12 13 14 16 | 16.3
Fire Magic     | 1 2 3 4 5 6 7 8 9 10 11 12 13 14 16 | 16.3
Ice Magic      | 1 2 3 4 5 6 7 8 9 10 11 12 13 14 16 | 16.3
Air Magic      | 1 2 3 4 5 6 7 8 9 10 11 12 13 14 16 | 16.3
Earth Magic    | 1 2 3 4 5 6 7 8 9 10 11 12 13 14 16 | 16.3
Poison Magic   | 1 2 3 4 5 6 7 8 9 10 11 12 13 14 16 | 16.3
Dodging        | 5 6 7 8 9 10 11 12 13 14 15 16 17 19 | 19.3
Stealth        | 5 6 7 8 9 10 11 12 13 14 15 16 17 19 | 19.2
Necromancy     | 8 9 10 11 12 13 14 15 17 | 17.4

Action                   |  1- 3 |  4- 6 |  7- 9 | 10-12 | 13-15 | 16-18 | 19-21 | 22-24 | 25-27 || total
-------------------------+-------+-------+-------+-------+-------+-------+-------+-------+-------++-------
Melee: Club              |     4 |    27 |       |       |       |       |       |       |       ||    31
       Bite              |       |    13 |    28 |   100 |    96 |   128 |   157 |   216 |   417 ||  1155
       Halberd           |       |   115 |    51 |       |       |       |       |       |       ||   166
       Whip              |       |       |   158 |   454 |    19 |       |       |       |       ||   631
       Punch             |       |       |     3 |       |       |       |       |       |       ||     3
       Eveningstar       |       |       |       |       |   386 |   632 |   761 |   860 |  1484 ||  4123
       Eudemon blade     |       |       |       |       |       |       |       |       |   342 ||   342
       Headbutt          |       |       |       |       |       |       |       |       |   310 ||   310
       Staff             |       |       |       |       |       |       |       |       |    87 ||    87
       Unarmed           |       |       |       |       |       |       |       |       |    12 ||    12
 Cast: Pain              |    24 |    59 |    28 |    20 |     2 |     1 |       |       |       ||   134
       Regeneration      |     1 |     6 |     8 |    13 |    18 |    26 |    22 |    27 |   103 ||   224
       Animate Skeleton  |     1 |       |       |       |       |       |       |       |       ||     1
       Vampiric Draining |       |    14 |     4 |     1 |       |       |       |       |       ||    19
       Borgnjor's Vile C |       |       |     7 |    42 |    51 |   103 |    69 |    98 |   185 ||   555
       Iskenderun's Myst |       |       |     4 |    39 |    12 |     3 |     2 |       |       ||    60
       Iron Shot         |       |       |       |     1 |    10 |    73 |    29 |     9 |   109 ||   231
       Freezing Cloud    |       |       |       |       |     2 |    24 |    18 |    31 |   116 ||   191
       Ozocubu's Armour  |       |       |       |       |       |    65 |    84 |    64 |   136 ||   349
       Summon Lightning  |       |       |       |       |       |    16 |     8 |    14 |    77 ||   115
       Conjure Ball Ligh |       |       |       |       |       |     8 |       |       |     4 ||    12
       Deflect Missiles  |       |       |       |       |       |       |     6 |     1 |     8 ||    15
       Controlled Blink  |       |       |       |       |       |       |       |       |    22 ||    22
       Shadow Creatures  |       |       |       |       |       |       |       |       |    98 ||    98
       Sublimation of Bl |       |       |       |       |       |       |       |       |    48 ||    48
       Orb of Destructio |       |       |       |       |       |       |       |       |     4 ||     4
       Blink             |       |       |       |       |       |       |       |       |     2 ||     2
Invok: Bend Time         |       |       |       |     2 |       |       |       |       |       ||     2
       Slouch            |       |       |       |       |     1 |       |       |     1 |     5 ||     7
       Step From Time    |       |       |       |       |     1 |       |       |       |     6 ||     7
       Recite            |       |       |       |       |       |       |       |       |    11 ||    11
       Vitalisation      |       |       |       |       |       |       |       |       |     5 ||     5
 Abil: Evoke Berserk Rag |       |       |       |       |       |       |       |       |     1 ||     1
       Evoke Flight      |       |       |       |       |       |       |       |       |     1 ||     1
Evoke: Wand              |       |     4 |     2 |     2 |       |       |     3 |     3 |     1 ||    15
       Staff of energy   |       |       |       |       |       |       |       |    18 |   124 ||   142
       Box of beasts     |       |       |       |       |       |       |       |       |     1 ||     1
       Phial of floods   |       |       |       |       |       |       |       |       |     1 ||     1
  Use: Scroll            |       |     9 |       |    11 |    16 |    13 |     9 |     3 |    23 ||    84
       Potion            |       |       |       |     1 |     1 |     1 |       |     1 |    32 ||    36
 Stab: Sleeping          |       |     1 |     9 |    13 |    17 |     6 |    22 |     9 |     9 ||    86
       Distracted        |       |       |     2 |     3 |     2 |     6 |     4 |     2 |    28 ||    47
       Paralysed         |       |       |       |    11 |       |       |       |       |     1 ||    12
  Eat: Chunk             |       |     6 |    11 |     7 |    14 |    15 |    10 |    11 |     6 ||    80
       Ration            |       |     1 |     2 |     3 |     2 |     5 |     5 |     2 |    20 ||    40
Armor: Robe              |     4 |    13 |    28 |    31 |    42 |   112 |   156 |   146 |   352 ||   884
       Acid dragon scale |       |       |       |       |       |       |       |       |   106 ||   106
       Skin              |       |       |       |       |       |       |       |       |     1 ||     1
Dodge: Dodged            |     8 |   152 |   189 |   291 |   320 |   635 |   774 |   944 |  1877 ||  5190
       Deflected         |       |       |       |     7 |     9 |    14 |    81 |    49 |   118 ||   278
Block: Buckler           |       |       |    22 |   184 |    54 |    80 |       |       |       ||   340
       Shield            |       |       |       |       |   304 |   616 |   862 |   929 |  1712 ||  4423
       Reflection        |       |       |       |       |       |     7 |   133 |    87 |    86 ||   313
       Rpst.: Eudemon blade |       |       |       |       |       |       |       |       |    52 ||    52

Vault maps used:
D:1:      dpeg_arrival_renting
D:2:      old_standard_altar
D:3:      chequers_temple_overflow_statue_of_worship, lightli_sewer_entry_pipes,
          minmay_vboxes
D:4:      serial_shops, shop, first_ration, evilmike_ruin_ashenzari
D:6:      kennysheep_slug_shrine, kennysheep_mini, temple_green,
          hangedman_decor_diamond_cutter, corexii_leaking_fountain
D:7:      grunt_ogre_cave, mrwooster_statue_mirror, uniq_prince_ribbit1,
          uniq_pikel
D:8:      david_lair_generic, kennysheep_crisscross, lemuel_flamethrower_2
D:9:      serial_shops, shop, shop_statue, uniq_erolcha
D:10:     erik_orc_4
D:11:     serial_undead, serial_undead_a, serial_undead_e, serial_undead_d,
          serial_undead_c, grunt_ministairs_6, kennysheep_kite_vault, uniq_snorg
D:12:     serial_shops, nicolae_shop_crystal, minmay_guarded_unrand_finisher,
          uniq_rupert, uniq_harold, uniq_josephine
D:14:     erik_vaults_2, fedhas_altar_fruit_tree
D:15:     gammafunk_depths_entry_grave, basic_altar, serial_bayou_pond_d,
          uniq_agnes
Lair:1:   serial_bayou_lagoon_a
Lair:2:   basic_altar, portal_ice_cave_entry_pillars_1, lemuel_fruit_fields
Lair:3:   swamp_mist, nicolae_spider_entry_tight_spaces, lemuel_old_faithful
Lair:4:   beast_lair_carwin_large_1
Lair:5:   beast_lair_carwin_large_2, roderic_carrion_pond,
          infiniplex_staircase_pool, minmay_lair_oklob_chamber
Lair:6:   due_jungle_book, nicolae_slime_entry_slimehenge, ldierk_geyser,
          grunt_megastairs_5
Swamp:1:  evilmike_swamp_ruin_rubble_2
Swamp:2:  nicolae_swamp_feature_on_the_river_bank, swamp_pool1
Swamp:3:  hangedman_swamp_blocks, grunt_witch_cave
Swamp:4:  swamp_basic_johnstein
Spider:1: spider_trap
Spider:2: spider_trap, nicolae_spider_cling_ruins, uniq_donald, uniq_nikola,
          uniq_jorgrun, uniq_asterion
Spider:4: spider_rune_water, spider_trap
Slime:3:  basic_altar
Orc:1:    uniq_erica, uniq_nergalle, uniq_maurice
Orc:2:    st_orc_pillars, elf_legates
Elf:1:    eino_elf_arrival_altar, kennysheep_underground_church,
          corner_web_ring, grunt_megastairs_2
Elf:2:    serial_shops, bzr_entry_dummy, enter_trove_1
Elf:3:    elf_hall_gauntlet_wide, serial_shops, shop
Vaults:1: v_misc_19, hangedman_vaults_stream, vaults_standard_mumra_lines,
          vaults_room_stairs_pillars, ontoclasm_vaults_ring_square,
          vaults_room_hallway, nicolae_vaults_twisting_passages,
          nicolae_vaults_lopsided_apartments, ontoclasm_vaults_spin,
          vaults_room_corners, hangedman_vaults_corner,
          nicolae_vaults_shelves_hall, nicolae_vaults_diagonal_hallway_7,
          serial_shops, shop_fountains
Vaults:2: nicolae_vaults_circle_grid_a, vaults_mumra_hexcomb, v_misc_11,
          nicolae_vaults_arrows, st_eye, grunt_vaults_twisty,
          nicolae_vaults_circle_grid_a, vaults_dpeg_diagonal,
          vaults_room_door_hall, v_misc_10, nicolae_vaults_asterisk, v_misc_16,
          nicolae_vaults_little_squares_3, basic_altar
Vaults:3: v_rooms_3, minmay_crypt_entry_simple_round,
          ontoclasm_vaults_ring_square, ontoclasm_vaults_loading_screen,
          nicolae_vaults_circle_grid_b, v_misc_3, v_pattern_1, vaults_mumra_hex,
          vaults_mumra_lcd, hangedman_vaults_cutoff,
          nicolae_vaults_yaktaur_gun_rack, nicolae_vaults_little_squares_2,
          grunt_vaults_focal, nicolae_vaults_circle_grid_b,
          nicolae_vaults_little_squares_2, serial_shops, shop
Vaults:4: vaults_standard_mumra_x, v_misc_17, v_misc_29,
          dpeg_vaults_monster_box, basic_altar, serial_shops, nicolae_shop_stone
Crypt:1:  uniq_khufu
Depths:1: minmay_connected_triangles_in_corner, serial_shops,
          nicolae_shop_crystal, shop, shop, nicolae_shop_crystal, shop,
          abyss_entry_small_statue_room, pf_coc_iceberg, grunt_ministairs_4,
          lightli_corner_chamber, infiniplex_staircase_pool_lava, uniq_mara,
          uniq_saint_roka, uniq_enchantress
Depths:2: hangedman_grunt_twisty_little_passages, grunt_decor_arrowhead,
          pf_vacation_house_of_asmodeus, serial_bayou_shore_b
Depths:3: minmay_tri_stars, enter_ziggurat_c, grunt_hell_entry_demonic_statue,
          pan_entry, minmay_misc_feat_rows, minmay_hidden_floor
Depths:4: minmay_diamond_stairs, minmay_room_of_horrors, hell_entry,
          minivault_14, uniq_mennas
Depths:5: evilmike_zot_entry_argh, hangedman_decor_push, hellmouth_1,
          abyss_entry, pan_entry, minmay_shop_star
Zot:1:    grunt_megastairs_3
Zot:2:    hangedman_elemental_grid_stream
Zot:3:    nicolae_zot_stationary_front
Zot:4:    grunt_megastairs_1
Abyss:3:  hangedman_abyss_shoalhut
Bazaar:   bazaar_minmay_armour_weapon
IceCv:    ice_cave_small_necro

Table legend:
 A = Turns spent in this place as a percentage of turns spent in the entire game.
 B = Non-inter-level travel turns spent in this place as a percentage of non-inter-level travel turns spent in the entire game.
 C = Inter-level travel turns spent in this place as a percentage of turns spent in this place.
 D = Turns resting spent in this place as a percentage of non-inter-level travel turns spent in this place.
 E = Turns spent auto-exploring this place as a percentage of non-inter-level travel turns spent in this place.
 F = Non-inter-level travel turns spent in this place divided by the number of levels of this place that you've seen.
                   A       B       C       D       E      F
               +-------+-------+-------+-------+-------+----------------------
         Total | 100.0 | 100.0 |  13.9 |   7.4 |  43.8 | 1029.8
       Dungeon |  27.9 |  25.7 |  20.8 |  15.5 |  47.6 | 1058.2
          Lair |   9.3 |   8.2 |  24.8 |   2.2 |  66.6 | 841.0
         Swamp |   4.9 |   5.3 |   7.3 |   1.9 |  59.3 | 813.2
   Spider Nest |   5.3 |   5.7 |   7.7 |   5.6 |  53.0 | 881.0
    Slime Pits |   7.0 |   7.8 |   4.1 |  11.0 |  26.3 | 961.2
  Orcish Mines |   3.7 |   3.1 |  29.8 |   5.8 |  42.6 | 943.5
   Elven Halls |   6.5 |   6.7 |  11.8 |   0.0 |  38.5 | 1372.7
        Vaults |  11.7 |  12.5 |   8.4 |   5.3 |  51.3 | 1540.8
         Crypt |   0.0 |   0.0 |   0.0 |   0.0 |   0.0 |  12.0
        Depths |  11.5 |  11.6 |  13.0 |   2.0 |  43.5 | 1433.4
           Zot |   8.5 |   9.5 |   4.5 |   3.1 |  25.5 | 1170.8
         Abyss |   2.4 |   2.7 |   0.0 |  16.2 |   0.0 | 563.0
        Bazaar |   0.3 |   0.3 |   0.0 |   0.0 |  23.8 | 189.0
      Ice Cave |   0.9 |   1.1 |   0.0 |  20.5 |  16.8 | 668.0
               +-------+-------+-------+-------+-------+----------------------

Table legend:
 A = Kills in this place as a percentage of kills in entire the game.
 B = Kills by you in this place as a percentage of kills by you in the entire game.
 C = Kills by friends in this place as a percentage of kills by friends in the entire game.
 D = Other kills in this place as a percentage of other kills in the entire game.
 E = Experience gained in this place as a percentage of experience gained in the entire game.
 F = Experience gained in this place divided by the number of levels of this place that you have seen.
                   A       B       C       D       E      F
               +-------+-------+-------+-------+-------+----------------------
         Total | 100.0 | 100.0 | 100.0 | 100.0 | 100.0 | 30510.3
       Dungeon |  17.7 |  19.1 |   0.6 |   0.0 |   4.9 | 5957.9
          Lair |   4.5 |   4.9 |   0.0 |   0.0 |   2.5 | 7528.2
         Swamp |   5.1 |   5.3 |   0.6 |   4.2 |   3.9 | 17884.0
   Spider Nest |   6.0 |   6.1 |   6.3 |   2.1 |   4.0 | 18242.5
    Slime Pits |   6.7 |   6.2 |  17.0 |   0.0 |   7.2 | 26187.4
  Orcish Mines |   4.8 |   4.6 |  10.1 |   0.0 |   1.6 | 14246.0
   Elven Halls |   7.0 |   7.1 |   1.3 |  22.9 |   8.4 | 51243.3
        Vaults |  15.6 |  15.2 |  17.0 |  37.5 |  18.4 | 67414.0
         Crypt |   0.0 |   0.0 |   0.0 |   0.0 |   0.0 |  18.0
        Depths |  16.4 |  16.6 |  11.3 |  20.8 |  22.2 | 81293.4
           Zot |   8.2 |   7.9 |  13.8 |   6.2 |  21.9 | 80305.8
         Abyss |   6.1 |   5.2 |  22.0 |   6.2 |   4.7 | 28901.7
      Ice Cave |   1.9 |   2.0 |   0.0 |   0.0 |   0.4 | 6625.0
               +-------+-------+-------+-------+-------+----------------------
